Workbook
Name _: #REF!
Name _____PJ50: #REF!
Name _____pj51: #REF!
Name _____PR1: #REF!
Name ____PJ50: #REF!
Name ____pj51: #REF!
Name ____PR1: [1]PRECIOS!$A:$E
Name ___PJ50: #REF!
Name ___pj51: #REF!
Name ___PR1: #REF!
Name __A17000: #REF!
Name __A20000: #REF!
Name __A30000: #REF!
Name __AFC1: [4]INV!$A$25:$D$28
Name __AFC3: [4]INV!$F$25:$I$28
Name __AFC5: [4]INV!$K$25:$N$28
Name __BGC1: [4]INV!$A$5:$D$8
Name __BGC3: [4]INV!$F$5:$I$8
Name __BGC5: [4]INV!$K$5:$N$8
Name __CAC1: [4]INV!$A$19:$D$22
Name __CAC3: [4]INV!$F$19:$I$22
Name __CAC5: [4]INV!$K$19:$N$22
Name __J5: [5]FACTORES!$N$8:$N$33
Name __PJ50: #REF!
Name __pj51: #REF!
Name __PR1: #REF!
Name __rc: #REF!
Name __SBC1: [4]INV!$A$12:$D$15
Name __SBC3: [4]INV!$F$12:$I$15
Name __SBC5: [4]INV!$K$12:$N$15
Name _3_1: '[6]PRESUPUESTO DE OBRA + INTERV'!#REF!
Name _3_1_1: '[6]PRESUPUESTO DE OBRA + INTERV'!#REF!
Name _A17000: #REF!
Name _A18: #REF!
Name _A20000: #REF!
Name _A30000: #REF!
Name _AFC1: [4]INV!$A$25:$D$28
Name _AFC3: [4]INV!$F$25:$I$28
Name _AFC5: [4]INV!$K$25:$N$28
Name _APU221: #REF!
Name _APU465: [7]!absc
Name _BGC1: [4]INV!$A$5:$D$8
Name _BGC3: [4]INV!$F$5:$I$8
Name _BGC5: [4]INV!$K$5:$N$8
Name _CAC1: [4]INV!$A$19:$D$22
Name _CAC3: [4]INV!$F$19:$I$22
Name _CAC5: [4]INV!$K$19:$N$22
Name _CAP1: #REF!
Name _J5: [10]FACTORES!$N$8:$N$33
Name _PJ50: #REF!
Name _pj51: #REF!
Name _PR1: #REF!
Name _rc: #REF!
Name _SBC1: [4]INV!$A$12:$D$15
Name _SBC3: [4]INV!$F$12:$I$15
Name _SBC5: [4]INV!$K$12:$N$15
Name A: #REF!
Name a_BASICOS: #REF!
Name a_CIMENTACION: #REF!
Name A_impresión_IM: #REF!

Sheet CASA DIANA
J1: CÓDIGO
C2: DEPARTAMENTE DE ANTIOQUIA
C3: MUNICIPIO DE TARAZA | J3: VERSIÓN
C4: SECRETARIA DE PLANEACION Y OBRAS PUBLICAS
C5: ANÁLISIS DE PRECIOS UNITARIOS | J5: PÁGINA | L5: DE
J7: FECHA
K8: (Día) | L8: (Mes) | M8: (Año)
A9: ITEMS DE LA PROPUESTA ECONÓMICA | E9: □ | H9: ITEMS NO PREVISTOS | J9: □
A10: UNIDAD EJECUTORA: | I10: DIRECCIÓN TERRITORIAL:
A13: CONTRATO No. | C13: DE
A14: OBJETO DEL CONTRATO: | C14: =+#REF! -> #REF!
A17: CARRETERA: | I17: SECTOR:
A19: CONTRATISTA:
A21: INTERVENTOR: | J21: CTO No.: | L21: DE
A23: FECHA CIERRE PROCESO DE SELECCIÓN CONTRATO DE OBRA:
E24: (Día) | H24: (Mes) | I24: (Año)
A25: DATOS ESPECÍFICOS
A27: ITEM | B27: DESCRIPCIÓN | J27: GRUPO DE AJUSTE | K27: UNIDAD | M27: CANTIDAD
B28: =+#REF! -> #REF! | K28: =+#REF! -> #REF! | M28: =+#REF! -> #REF!
A30: I. EQUIPO
A31: DESCRIPCIÓN | H31: TIPO | J31: TARIFA/HORA | K31: RENDIMIENTO | M31: Vr. UNITARIO
M32: =+J32*K32 -> 0
A33: Andamio cuerpo completo + tablon | H33: Unid | J33: 437.5 | K33: 2.5 | M33: =+J33*K33 -> 1093.75
M34: =+J34*K34 -> 0
M35: =+J35*K35 -> 0
M36: =+J36*K36 -> 0
M37: =+J37*K37 -> 0
A38: HERRAMIENTA MENOR (%) | K38: 0.05 | M38: =M63*K38 -> 400
A39: SUBTOTAL $ | M39: =SUM(M32:M38) -> 1493.75
A41: II. MATERIALES
A42: DESCRIPCIÓN | I42: UNIDAD | J42: CANTIDAD | K42: PRECIO UNIT. | M42: Vr. UNITARIO
A49: SUBTOTAL $ | M49: =SUM(M43:M48) -> 0
A51: III. TRANSPORTES
A52: MATERIAL | G52: UNIDAD | H52: CANTIDAD (1) | I52: DISTANCIA (2) | J52: (1) * (2) | K52: TARIFA | M52: Vr. UNITARIO
K53: 12000 | M53: =J53*K53 -> 0
A56: SUBTOTAL $ | M56: =SUM(M53:M55) -> 0
A58: IV. MANO DE OBRA
A59: TRABAJADOR | H59: JORNAL | I59: PRESTACIONES (%) | J59: JORNAL TOTAL | K59: RENDIMIENTO | M59: Vr. UNITARIO
A60: Oficial de 2a obra negra | H60: 38918.919 | I60: 1.85 | J60: =+H60*I60 -> 72000 | K60: 15 | M60: =J60/K60 -> 4800
A61: Ayudante entendido | H61: 25945.946 | I61: 1.85 | J61: =+H61*I61 -> 48000 | K61: =+K60 -> 15 | M61: =J61/K61 -> 3200
A63: SUBTOTAL $ | M63: =SUM(M60:M62) -> 8000
A65: TOTAL COSTO DIRECTO $ | M65: =M39+M49+M56+M63 -> 9493.75
A67: V. COSTOS INDIRECTOS
A68: Descripción | J68: Porcentaje | K68: Valor Total
A69: ADMINISTRACION | J69: 0.25 | K69: =M65*J69 -> 2373.4375
A70: IMPREVISTOS | J70: 0 | K70: =M65*J70 -> 0
A71: UTILIDAD | J71: 0.05 | K71: =M65*J71 -> 474.6875
A72: SUBTOTAL $ | M72: =K69+K70+K71 -> 2848.125
A74: Precio Unitario Total Aproximado al Peso $ | M74: =M65+M72 -> 12341.875
D77: Firma
D78: Nombre:
D79: Representante Legal del Contratista o su Apoderado
D80: Matricula No. :
A82: OBSERVACIONES INTERVENTORÍA:
A88: APROBACIÓN POR INTERVENTORÍA
A89: Nota 1: Cuando se trate de Análisis de precios unitarios correspondientes a ítems de la propuesta económica aprobada, el Interventor aprueba el desglose de los componentes manteniendo el mismo precio unitario de cada ítem, cumpliendo con las especificaciones de construcción vigentes para el proyecto.
A91: Nota 2: Cuando se trate de Análisis de precios unitarios de ítems no previstos, el Interventor aprueba el desglose y precio unitario de cada ítem no previsto, exigiendo la aplicación de los costos correspondientes a insumos y tarifas de la propuesta económica inicial cuando estén contemplados, cumpliendo con las especificaciones de construcción vigente para el proyecto.
D95: Firma
D96: Nombre:
D97: Representante Legal del Interventor o su Apoderado
D98: Matricula No. :
A100: Original: Archivo de Gestión del Contrato
A101: Copias: Unidad Ejecutora, Contratista y Interventor
J102: CÓDIGO
C103: DEPARTAMENTE DE ANTIOQUIA
C104: MUNICIPIO DE TARAZA | J104: VERSIÓN
C105: SECRETARIA DE PLANEACION Y OBRAS PUBLICAS
C106: ANÁLISIS DE PRECIOS UNITARIOS | J106: PÁGINA | L106: DE
J108: FECHA
K109: (Día) | L109: (Mes) | M109: (Año)
A110: ITEMS DE LA PROPUESTA ECONÓMICA | E110: □ | H110: ITEMS NO PREVISTOS | J110: □
A111: UNIDAD EJECUTORA: | I111: DIRECCIÓN TERRITORIAL:
A114: CONTRATO No. | C114: DE
A115: OBJETO DEL CONTRATO: | C115: =+C14 -> #REF!
A118: CARRETERA: | I118: SECTOR:
A120: CONTRATISTA:
A122: INTERVENTOR: | J122: CTO No.: | L122: DE
A124: FECHA CIERRE PROCESO DE SELECCIÓN CONTRATO DE OBRA:
E125: (Día) | H125: (Mes) | I125: (Año)
A126: DATOS ESPECÍFICOS
A128: ITEM | B128: DESCRIPCIÓN | J128: GRUPO DE AJUSTE | K128: UNIDAD | M128: CANTIDAD
B129: =+#REF! -> #REF! | K129: =+#REF! -> #REF! | M129: =+#REF! -> #REF!
A131: I. EQUIPO
A132: DESCRIPCIÓN | H132: TIPO | J132: TARIFA/HORA | K132: RENDIMIENTO | M132: Vr. UNITARIO
M133: =+J133*K133 -> 0
A134: Andamio cuerpo completo + tablon | H134: Unid | J134: 437.5 | K134: 15 | M134: =+J134*K134 -> 6562.5
M135: =+J135*K135 -> 0
M136: =+J136*K136 -> 0
M137: =+J137*K137 -> 0
M138: =+J138*K138 -> 0
A139: HERRAMIENTA MENOR (%) | K139: 0.05 | M139: =M164*K139 -> 500
A140: SUBTOTAL $ | M140: =SUM(M133:M139) -> 7062.5
A142: II. MATERIALES
A143: DESCRIPCIÓN | I143: UNIDAD | J143: CANTIDAD | K143: PRECIO UNIT. | M143: Vr. UNITARIO
A144: Teja Perfil 7 Gris #10 305x92cm Área Útil: 2.54m2 | I144: UNIDAD | J144: 1 | K144: =38900*1.2 -> 46680 | M144: =+J144*K144 -> 46680
A145: Amarre Teja Tapa Metalica 26cm Cal 18 | I145: UNIDAD | J145: 2 | K145: 250 | M145: =+J145*K145 -> 500
M146: =+J146*K146 -> 0
M147: =+J147*K147 -> 0
M148: =+J148*K148 -> 0
A150: SUBTOTAL $ | M150: =SUM(M144:M149) -> 47180
...

Sheet COTIZACIONES

Sheet MEM CALCULO
C1: DEPARTAMENTO DE ANTIOQUIA MUNICIPIO DE CAUCASIA NIT: 890906445 - 2 | G1: Fecha de Aprobacion XX de XXXXXX de XXXX
C4: SECRETARIA DE PLANEACION Y OBRAS PUBLICAS | G4: Pagina x de x
A5: =+'PPTO OFICIAL'!A7 -> MANTENER Y MEJORAR ESPACIOS RECREATIVOS DE LA ZONA URBANA DEL MUNICIPIO DE CAUCASIA
A6: Secretaría De Planeación y OO.PP.MM
A8: CAPITULO | B8: ='PPTO OFICIAL'!A9 -> 1 | C8: ='PPTO OFICIAL'!B9 -> OBRAS PRELIMINARES
A9: ITEM | B9: ='PPTO OFICIAL'!A10 -> 1.1 | C9: ='PPTO OFICIAL'!B10 -> Localización y Replanteo | G9: UNIDAD | H9: ='PPTO OFICIAL'!C10 -> M2
A10: DESCRIPCION | B10: DIMENSIONES | E10: V. PARCIAL | F10: N° DE ELEMENTOS | G10: UNID | H10: TOTAL
C11: M2 | D11: ESPESOR
A12: sendero peatonal | C12: =20*1 -> 20 | D12: NA | E12: =C12 -> 20 | F12: 1 | G12: M2 | H12: =C12*F12 -> 20
A13: Anden | C13: =48.4*1.2 -> 58.08 | D13: NA | E13: =C13 -> 58.08 | F13: 1 | G13: M2 | H13: =C13*F13 -> 58.08
A14: CANTIDAD TOTAL | H14: =+ROUND(SUM(H12:H13),2) -> 78.08
A15: Observaciones
C20: DEPARTAMENTO DE ANTIOQUIA MUNICIPIO DE CAUCASIA NIT: 890906445 - 2 | G20: Fecha de Aprobacion XX de XXXXXX de XXXX
C23: SECRETARIA DE PLANEACION Y OBRAS PUBLICAS | G23: Pagina x de x
A24: =+A5 -> MANTENER Y MEJORAR ESPACIOS RECREATIVOS DE LA ZONA URBANA DEL MUNICIPIO DE CAUCASIA
A25: Secretaría De Planeación y OO.PP.MM
A27: CAPITULO | B27: =+'PPTO OFICIAL'!A9 -> 1 | C27: =+'PPTO OFICIAL'!B9 -> OBRAS PRELIMINARES
A28: ITEM | B28: ='PPTO OFICIAL'!A11 -> 1.2 | C28: ='PPTO OFICIAL'!B11 -> Demolición de piso en concreto de cualquier resistencia, manual o mecánicamente y con un espesor de hasta 15cm, incluye cargue retiro y disposición de material sobrante | G28: UNIDAD | H28: ='PPTO OFICIAL'!C11 -> M2
A29: DESCRIPCION | B29: DIMENSIONES | E29: V. PARCIAL | F29: N° DE ELEMENTOS | G29: UNID | H29: TOTAL
B30: LONGITUD | C30: ANCHO | D30: NA
A31: Anden existente en mal estado | B31: 48.4 | C31: 1 | E31: =B31*C31 -> 48.4 | F31: 1 | G31: =+$H$28 -> M2 | H31: =+E31*F31 -> 48.4
A33: CANTIDAD TOTAL | H33: =+ROUND(SUM(H31:H31),2) -> 48.4
A34: Observaciones | B34: placa en concreto en forma circular r=1,50m y andén de 3x1m
C36: DEPARTAMENTO DE ANTIOQUIA MUNICIPIO DE CAUCASIA NIT: 890906445 - 2 | G36: Fecha de Aprobacion XX de XXXXXX de XXXX
C39: SECRETARIA DE PLANEACION Y OBRAS PUBLICAS | G39: Pagina x de x
A40: =+A24 -> MANTENER Y MEJORAR ESPACIOS RECREATIVOS DE LA ZONA URBANA DEL MUNICIPIO DE CAUCASIA
A41: Secretaría De Planeación y OO.PP.MM
A43: CAPITULO | B43: ='PPTO OFICIAL'!A12 -> 2 | C43: ='PPTO OFICIAL'!B12 -> EXCAVACIONES Y LLENOS
A44: ITEM | B44: ='PPTO OFICIAL'!A13 -> 2.1 | C44: ='PPTO OFICIAL'!B13 -> Excavación manual profundidad <2,0 m en tierra común | G44: UNIDAD | H44: ='PPTO OFICIAL'!C13 -> M3
A45: DESCRIPCION | B45: DIMENSIONES | E45: V. PARCIAL | F45: N° DE ELEMENTOS | G45: UNID | H45: TOTAL
B46: LONGITUD | C46: ANCHO | D46: ESPESOR
A47: bordillos | B47: =+B31 -> 48.4 | C47: 0.15 | D47: 0.15 | G47: =+H44 -> M3 | H47: =D47*C47*B47 -> 1.089
A48: Andén | D48: 0.2 | E48: =+H13 -> 58.08 | F48: 1 | G48: =+H44 -> M3 | H48: =D48*E48*F48 -> 11.616
A49: CANTIDAD TOTAL | H49: =+ROUND(SUM(H47:H48),2) -> 12.71
A50: Observaciones
C73: DEPARTAMENTO DE ANTIOQUIA MUNICIPIO DE CAUCASIA NIT: 890906445 - 2 | G73: Fecha de Aprobacion XX de XXXXXX de XXXX
C76: SECRETARIA DE PLANEACION Y OBRAS PUBLICAS
A77: =+A24 -> MANTENER Y MEJORAR ESPACIOS RECREATIVOS DE LA ZONA URBANA DEL MUNICIPIO DE CAUCASIA
A78: Secretaría De Planeación y OO.PP.MM
A80: CAPITULO | B80: =+'PPTO OFICIAL'!A12 -> 2 | C80: =+'PPTO OFICIAL'!B12 -> EXCAVACIONES Y LLENOS
A81: ITEM | B81: =+'PPTO OFICIAL'!A14 -> 2.2 | C81: =+'PPTO OFICIAL'!B14 -> Lleno y compactacion con material tipo sub-base granular | G81: UNIDAD | H81: =+'PPTO OFICIAL'!C14 -> M3
A82: DESCRIPCION | B82: DIMENSIONES | E82: V. PARCIAL | F82: N° DE ELEMENTOS | G82: UNID | H82: TOTAL
B83: AREA | C83: PROF | D83: NA
A84: Andén | B84: =+H13 -> 58.08 | C84: 0.1 | D84: NA | E84: =+B84*C84 -> 5.808 | F84: 1 | G84: =+H81 -> M3 | H84: =+E84*F84 -> 5.808
A89: CANTIDAD TOTAL | H89: =+ROUND(SUM(H84:H88),2) -> 5.81
A90: Observaciones
C113: DEPARTAMENTO DE ANTIOQUIA MUNICIPIO DE CAUCASIA NIT: 890906445 - 2 | G113: Fecha de Aprobacion XX de XXXXXX de XXXX
C116: SECRETARIA DE PLANEACION Y OBRAS PUBLICAS
A117: =+A5 -> MANTENER Y MEJORAR ESPACIOS RECREATIVOS DE LA ZONA URBANA DEL MUNICIPIO DE CAUCASIA
A118: Secretaría De Planeación y OO.PP.MM
A120: CAPITULO | B120: =+'PPTO OFICIAL'!A15 -> 3 | C120: =+'PPTO OFICIAL'!B15 -> ANDENES Y SENDERO PEATONAL
A121: ITEM | B121: =+'PPTO OFICIAL'!A16 -> 3.1 | C121: =+'PPTO OFICIAL'!B16 -> Suministro, transporte e instalación de bordillo en concreto prefabricado 15x35 cm | G121: UNIDAD | H121: =+'PPTO OFICIAL'!C16 -> ML
A122: DESCRIPCION | B122: DIMENSIONES | E122: V. PARCIAL | F122: N° DE ELEMENTOS | G122: UNID | H122: TOTAL
B123: LONGITUD | C123: NA | D123: NA
A124: BORDILLO ANDEN | B124: 48.4 | E124: =+B124 -> 48.4 | F124: 1 | G124: =+H121 -> ML | H124: =+E124*F124 -> 48.4
A126: CANTIDAD TOTAL | H126: =+ROUND(SUM(H124:H124),2) -> 48.4
A127: Observaciones
C132: DEPARTAMENTO DE ANTIOQUIA MUNICIPIO DE CAUCASIA NIT: 890906445 - 2 | G132: Fecha de Aprobacion XX de XXXXXX de XXXX
C135: SECRETARIA DE PLANEACION Y OBRAS PUBLICAS
A136: =+A40 -> MANTENER Y MEJORAR ESPACIOS RECREATIVOS DE LA ZONA URBANA DEL MUNICIPIO DE CAUCASIA
A137: Secretaría De Planeación y OO.PP.MM
A139: CAPITULO | B139: =+'PPTO OFICIAL'!A15 -> 3 | C139: =+'PPTO OFICIAL'!B15 -> ANDENES Y SENDERO PEATONAL
A140: ITEM | B140: =+'PPTO OFICIAL'!A17 -> 3.2 | C140: =+'PPTO OFICIAL'!B17 -> Colocación de concreto para construcción de Andén e=0.10m con concreto Resistencia 21MPa (D) O Clase D (210 kg/cm2 ó 3000 psi) norma INVIAS 630-13 . Incluye malla electrosoldada. | G140: UNIDAD | H140: =+'PPTO OFICIAL'!C17 -> M3
A141: DESCRIPCION | B141: DIMENSIONES | E141: V. PARCIAL | F141: N° DE ELEMENTOS | G141: UNID | H141: TOTAL | K141: 11.1 | L141: 4.5
B142: LONGITUD | C142: ANCHO | D142: ESPESOR | K142: 12.9 | L142: 4
A143: ANDEN | B143: 48.4 | C143: 1.2 | D143: 0.1 | E143: =+B143*C143*D143 -> 5.808 | F143: 1 | G143: =+H140 -> M3 | H143: =+E143*F143 -> 5.808
A144: CANTIDAD TOTAL | H144: =+ROUND(SUM(H143:H143),2) -> 5.81
A145: Observaciones
C148: DEPARTAMENTO DE ANTIOQUIA MUNICIPIO DE CAUCASIA NIT: 890906445 - 2 | G148: Fecha de Aprobacion XX de XXXXXX de XXXX
C151: SECRETARIA DE PLANEACION Y OBRAS PUBLICAS
A152: =+A40 -> MANTENER Y MEJORAR ESPACIOS RECREATIVOS DE LA ZONA URBANA DEL MUNICIPIO DE CAUCASIA
A153: Secretaría De Planeación y OO.PP.MM
A155: CAPITULO | B155: =+'PPTO OFICIAL'!A15 -> 3 | C155: =+'PPTO OFICIAL'!B15 -> ANDENES Y SENDERO PEATONAL
A156: ITEM | B156: =+'PPTO OFICIAL'!A18 -> 3.3 | C156: =+'PPTO OFICIAL'!B18 -> Suministro, transporte e instalación de guia tactil antideslizante 20x20x6 alfa o similar | G156: UNIDAD | H156: =+'PPTO OFICIAL'!C18 -> ML
A157: DESCRIPCION | B157: DIMENSIONES | E157: =+E141 -> V. PARCIAL | F157: =+F141 -> N° DE ELEMENTOS | G157: UNIDAD | H157: TOTAL
B158: LONGITUD | C158: ANCHO | D158: ALTURA
A159: GUIA TACTIL | B159: =+B143 -> 48.4 | C159: 0 | D159: 0 | E159: =+B159 -> 48.4 | F159: 1 | G159: =+H156 -> ML | H159: =+F159*E159 -> 48.4
A160: CANTIDAD TOTAL | H160: =+ROUND(SUM(H159:H159),2) -> 48.4
A161: Observaciones
C163: DEPARTAMENTO DE ANTIOQUIA MUNICIPIO DE CAUCASIA NIT: 890906445 - 2 | G163: Fecha de Aprobacion XX de XXXXXX de XXXX
C166: SECRETARIA DE PLANEACION Y OBRAS PUBLICAS
A167: =+A152 -> MANTENER Y MEJORAR ESPACIOS RECREATIVOS DE LA ZONA URBANA DEL MUNICIPIO DE CAUCASIA
A168: Secretaría De Planeación y OO.PP.MM
A170: CAPITULO | B170: =+'PPTO OFICIAL'!A15 -> 3 | C170: =+'PPTO OFICIAL'!B15 -> ANDENES Y SENDERO PEATONAL
A171: ITEM | B171: =+'PPTO OFICIAL'!A19 -> 3.4 | C171: =+'PPTO OFICIAL'!B19 -> Corte de dilataciones cada 1,60m, incluye cordon de soporte y sello de silicona autonivelante | G171: UNIDAD | H171: =+'PPTO OFICIAL'!C19 -> ML
A172: DESCRIPCION | B172: DIMENSIONES | E172: V. PARCIAL | F172: N° DE ELEMENTOS | G172: UNID | H172: TOTAL
B173: LONGITUD | C173: ANCHO | D173: CANT
A174: ANDEN | B174: =+B159 -> 48.4 | C174: 1.2 | D174: =+ROUNDDOWN(B174/1.6,0) -> 30 | E174: =+D174*C174 -> 36 | F174: 1 | G174: =+H171 -> ML | H174: =+E174*F174 -> 36
A176: CANTIDAD TOTAL | H176: =+ROUND(SUM(H174:H174),2) -> 36
A177: Observaciones
C179: DEPARTAMENTO DE ANTIOQUIA MUNICIPIO DE CAUCASIA NIT: 890906445 - 2 | G179: Fecha de Aprobacion XX de XXXXXX de XXXX
C182: SECRETARIA DE PLANEACION Y OBRAS PUBLICAS
A183: =+A152 -> MANTENER Y MEJORAR ESPACIOS RECREATIVOS DE LA ZONA URBANA DEL MUNICIPIO DE CAUCASIA
A184: Secretaría De Planeación y OO.PP.MM
A186: CAPITULO | B186: =+'PPTO OFICIAL'!A21 -> 4 | C186: =+'PPTO OFICIAL'!B21 -> MOBILIARIO
A187: ITEM | B187: =+'PPTO OFICIAL'!A22 -> 4.1 | C187: =+'PPTO OFICIAL'!B22 -> Suministro, transporte e instalación de banca en concreto prefabricado, según especificacion de diseño, incluye todo lo necesario par su correcta instalación | G187: UNIDAD | H187: =+'PPTO OFICIAL'!C22 -> UN
A188: DESCRIPCION | B188: DIMENSIONES | E188: V. PARCIAL | F188: N° DE ELEMENTOS | G188: UNID | H188: TOTAL
B189: CANT | C189: ANCHO | D189: ESP
B190: 7 | C190: NA | D190: NA | E190: =+B190 -> 7 | F190: 1 | G190: =+H187 -> UN | H190: =+E190*F190 -> 7
A192: CANTIDAD TOTAL | H192: =+ROUND(SUM(H190:H191),2) -> 7
...

Sheet APA
A1: SECRETARIA DE PLANEACION Y OBRAS PUBLICAS | F1: ANALISIS DE PRECIOS AUXILIARES
A5: OBJETO : | B5: =+#REF! -> #REF!
A7: ITEM: | B7: Suministros y preparacion de concreto 1:2:3 en obra
H9: UNIDAD: | I9: M3
A10: I. EQUIPO
A11: DESCRIPCIÓN | F11: CANT | G11: Vr. / DIA | H11: REND. | I11: V-UNIT.
A12: Herramienta menor | I12: =ROUND(I38*0.05,) -> 7518
A13: Coche | F13: 2 | G13: =+MAQUINARIAS!E32 -> 15000 | H13: =+H36 -> 3.26 | I13: =F13*G13/H13 -> 9202.454
A14: Concretadora | F14: 1 | G14: =+MAQUINARIAS!E29 -> 80000 | H14: =+H13 -> 3.26 | I14: =+F14*G14/H14 -> 24539.877
H16: SUB-TOTAL | I16: =ROUND((SUM(I12:I15)),0) -> 41260
A17: II. MATERIALES EN OBRA
A18: DESCRIPCIÓN | F18: UN. | G18: P-UNIT. | H18: CANT. | I18: V-UNIT.
A19: Cemento gris tipo 1 | F19: Sac | G19: =+MATERIALES!E19 -> 32200 | H19: 7.5 | I19: =+G19*H19 -> 241500
A20: Material de playa mixto clasificado | F20: m3 | G20: =+MATERIALES!E26 -> 62333.333 | H20: 1.5 | I20: =+G20*H20 -> 93500
A21: Agua para mezclado | F21: lts | G21: =+MATERIALES!E13 -> 200 | H21: 180 | I21: =+G21*H21 -> 36000
H27: SUB-TOTAL | I27: =ROUND((SUM(I19:I26)),0) -> 371000
A28: III. TRANSPORTES
A29: MATERIAL | E29: Vol (M3) | F29: DIST. | G29: M3-KM | H29: TARIFA | I29: V-UNIT.
H33: SUB-TOTAL | I33: =ROUND((SUM(I31:I32)),0) -> 0
A34: IV. MANO DE OBRA
A35: PERSONAL | F35: JORNAL MAS PRESTAC. | H35: REND. | I35: V-UNIT.
A36: =CUADRILLAS!B16 -> CUADRILLA 5 | F36: =CUADRILLAS!C16 -> 490158 | H36: 3.26 | I36: =F36/H36 -> 150355.21
H38: SUB-TOTAL | I38: =ROUND((SUM(I36:I37)),0) -> 150355
F40: TOTAL COSTO DIRECTO | I40: =+I38+I33+I27+I16 -> 562615
A41: V. COSTOS INDIRECTOS
A42: DESCRIPCIÓN | H42: % | I42: V-TOTAL
A43: Administración | I43: =ROUND((I40*H43),0) -> 0
A44: Utilidad | I44: =ROUND((I40*H44),0) -> 0
A45: Imprevistos | I45: =ROUND((I40*H45),0) -> 0
H46: SUB-TOTAL | I46: =ROUND((SUM(I43:I45)),0) -> 0
H48: TOTAL | I48: =ROUND((I40+I46),0) -> 562615
A49: SECRETARIA DE PLANEACION Y OBRAS PUBLICAS | F49: ANALISIS DE PRECIOS AUXILIARES
A53: OBJETO : | B53: =+B5 -> #REF!
A55: ITEM: | B55: APA PREPARACION MORTERO 1:4
H57: UNIDAD: | I57: M3
A58: I. EQUIPO
A59: DESCRIPCIÓN | F59: CANT | G59: Vr. / DIA | H59: REND. | I59: V-UNIT.
A60: Hta menor | I60: =ROUND(I86*0.05,) -> 3805
A61: Concretadora | F61: 1 | G61: =+G14 -> 80000 | H61: =H83 -> 3.26 | I61: =+ROUND((F61*G61)/H61,0) -> 24540
A62: Coche | F62: 2 | G62: =+G13 -> 15000 | H62: =H83 -> 3.26 | I62: =ROUND(F62*G62/H62,) -> 9202
H65: SUB-TOTAL | I65: =ROUND(SUM(I60:I64),0) -> 37547
A66: II. MATERIALES EN OBRA
A67: DESCRIPCIÓN | F67: UN. | G67: P-UNIT. | H67: CANT. | I67: V-UNIT.
A68: Cemento gris | F68: Saco | G68: =+G19 -> 32200 | H68: 7.28 | I68: =ROUND(H68*G68,) -> 234416 | M68: =364/50 -> 7.28
A69: Arena | F69: M3 | G69: =+G20 -> 62333.333 | H69: 1.16 | I69: =ROUND(H69*G69,) -> 72307
A70: Agua | F70: Lt | G70: =+G21 -> 200 | H70: 180 | I70: =ROUND(H70*G70,) -> 36000
H74: SUB-TOTAL | I74: =SUM(I68:I73) -> 342723
A75: III. TRANSPORTES EN OBRA
A76: MATERIAL | E76: Vol (M3) | F76: DIST. | G76: (M3-KM)/TON | H76: TARIFA | I76: V-UNIT.
H80: SUB-TOTAL | I80: =SUM(I77:I79) -> 0
A81: IV. MANO DE OBRA
A82: PERSONAL | F82: JORNAL MAS PRESTAC. | H82: REND. | I82: V-UNIT.
A83: =+CUADRILLAS!B15 -> CUADRILLA 4 | F83: =+CUADRILLAS!C15 -> 248105 | H83: 3.26 | I83: =ROUND(F83/H83,) -> 76106
H86: SUB-TOTAL | I86: =SUM(I83:I85) -> 76106
F88: TOTAL COSTO DIRECTO | I88: =+I86+I80+I74+I65 -> 456376
A89: V. COSTOS INDIRECTOS
A90: DESCRIPCIÓN | H90: % | I90: V-TOTAL
A91: Administración | I91: =I88*H91/100 -> 0
A92: Utilidad | I92: =I88*H92/100 -> 0
A93: Imprevistos | I93: =I88*H93/100 -> 0
H94: SUB-TOTAL | I94: =SUM(I91:I93) -> 0
H96: TOTAL | I96: =I88+I94 -> 456376
A97: SECRETARIA DE PLANEACION Y OBRAS PUBLICAS | F97: ANALISIS DE PRECIOS AUXILIARES
A101: OBJETO : | B101: =+B53 -> #REF!
A103: ITEM: | B103: Suministros y preparacion de concreto 1:3:6
H105: UNIDAD: | I105: M3
A106: I. EQUIPO
A107: DESCRIPCIÓN | F107: CANT | G107: Vr. / DIA | H107: REND. | I107: V-UNIT.
A108: Herramienta menor | I108: =ROUND(I135*0.05,) -> 2341
A109: Concretadora 1 saco | F109: 1 | G109: =+G61 -> 80000 | H109: =+H132 -> 5.3 | I109: =+F109*G109/H109 -> 15094.34
A110: Coche | F110: 2 | G110: =+G62 -> 15000 | H110: =+H109 -> 5.3 | I110: =ROUND(F110*G110/H110,) -> 5660
H112: SUB-TOTAL | I112: =ROUND((SUM(I108:I111)),0) -> 23095
A113: II. MATERIALES EN OBRA
A114: DESCRIPCIÓN | F114: UN. | G114: P-UNIT. | H114: CANT. | I114: V-UNIT.
A115: Cemento gris tipo 1 | F115: Sac | G115: =+G68 -> 32200 | H115: 4.99 | I115: =+G115*H115 -> 160678
A116: Material de playa, arena de revoque | F116: m3 | G116: =+G69 -> 62333.333 | H116: 1.5 | I116: =+G116*H116 -> 93500
A117: Agua para mezclado | F117: lts | G117: =+G70 -> 200 | H117: 200 | I117: =+G117*H117 -> 40000
H123: SUB-TOTAL | I123: =ROUND((SUM(I115:I122)),0) -> 294178
A124: III. TRANSPORTES
A125: MATERIAL | E125: Vol (M3) | F125: DIST. | G125: M3-KM | H125: TARIFA | I125: V-UNIT.
J126: =+E126*500 -> 0
H129: SUB-TOTAL | I129: =ROUND((SUM(I126:I127)),0) -> 0
A130: IV. MANO DE OBRA
A131: PERSONAL | F131: JORNAL MAS PRESTAC. | H131: REND. | I131: V-UNIT.
A132: =+CUADRILLAS!B15 -> CUADRILLA 4 | F132: =+CUADRILLAS!C15 -> 248105 | H132: 5.3 | I132: =F132/H132 -> 46812.264
H135: SUB-TOTAL | I135: =ROUND((SUM(I132:I134)),0) -> 46812
F137: TOTAL COSTO DIRECTO | I137: =+I135+I129+I123+I112 -> 364085
A138: V. COSTOS INDIRECTOS
A139: DESCRIPCIÓN | H139: % | I139: V-TOTAL
A140: Administración
A141: Utilidad
A142: Imprevistos | I142: =ROUND((I137*H142),0) -> 0
H143: SUB-TOTAL | I143: =ROUND((SUM(I140:I142)),0) -> 0
H145: TOTAL | I145: =ROUND((I137+I143),0) -> 364085
A146: SECRETARIA DE PLANEACION Y OBRAS PUBLICAS | F146: ANALISIS DE PRECIOS AUXILIARES
A150: OBJETO : | B150: =+B101 -> #REF!
A152: ITEM: | B152: Suministros y preparacion de concreto 1:2:2
H154: UNIDAD: | I154: M3
A155: I. EQUIPO
A156: DESCRIPCIÓN | F156: CANT | G156: Vr. / DIA | H156: REND. | I156: V-UNIT.
...

Sheet Formato APU
G2: =[92]Presupuesto!B5 -> ADECUACIÓN Y MEJORAMIENTO DEL PARQUE DE LA VIRGEN, UBICADO EN EL BARRIO PUEBLO NUEVO DEL MUNICIPIO DE CAUCASIA, ANTIOQUIA
N3: 44987
F5: ANALISIS DE PRECIOS UNITARIOS (APU)
F6: Item | G6: =+VLOOKUP(F8,[92]Presupuesto!B:G,2,FALSE) -> Localizacion y Replanteo | K6: MUNICIPIO: | L6: Caucasia
K7: DPTO: | L7: Antioquia
F8: =+[92]Presupuesto!$B$9 -> 1.01 | K8: FECHA: | L8: =+$N$3 -> 44987
K9: UNIDAD: | L9: =+VLOOKUP(F8,[92]Presupuesto!B:G,3,FALSE) -> m² | M9: =+VLOOKUP(F8,[92]Presupuesto!B:G,4,FALSE) -> 970 | N9: =+IFERROR(M9*J9,0) -> 0
F10: I. EQUIPO | M10: =+IFERROR(VLOOKUP(F9,[92]Presupuesto!B:G,4,FALSE),M9) -> 0 | N10: =+IFERROR(M10*J10,0) -> 0
F11: Descripción | H11: Tipo | I11: Tarifa/Hora | J11: Rendimiento | K11: Valor-Unit. | M11: =+IFERROR(VLOOKUP(F10,[92]Presupuesto!B:G,4,FALSE),M10) -> 0 | N11: =+IFERROR(M11*J11,0) -> 0
F12: Herramienta menor | H12: % M.O. | I12: =L39 -> 15594 | J12: 0.05 | K12: =+ROUND(J12*I12,0) -> 780 | M12: =+IFERROR(VLOOKUP(F11,[92]Presupuesto!B:G,4,FALSE),M11) -> 0 | N12: =+IFERROR(M12*J12,0) -> 0
K13: =+ROUND(J13*I13,0) -> 0 | M13: =+IFERROR(VLOOKUP(F12,[92]Presupuesto!B:G,4,FALSE),M12) -> 0 | N13: =+IFERROR(M13*J13,0) -> 0
K14: =+ROUND(J14*I14,0) -> 0 | M14: =+IFERROR(VLOOKUP(F13,[92]Presupuesto!B:G,4,FALSE),M13) -> 0 | N14: =+IFERROR(M14*J14,0) -> 0
K15: =+ROUND(J15*I15,0) -> 0 | M15: =+IFERROR(VLOOKUP(F14,[92]Presupuesto!B:G,4,FALSE),M14) -> 0 | N15: =+IFERROR(M15*J15,0) -> 0
B16: =+F8 -> 1.01 | K16: Sub-Total | L16: =+SUM(K12:K15) -> 780 | M16: =+IFERROR(VLOOKUP(F15,[92]Presupuesto!B:G,4,FALSE),M15) -> 0 | N16: =+IFERROR(M16*J16,0) -> 0
F17: II. MATERIALES EN OBRA | M17: =+IFERROR(VLOOKUP(F16,[92]Presupuesto!B:G,4,FALSE),M16) -> 0 | N17: =+IFERROR(M17*J17,0) -> 0
F18: Descripción | H18: Unidad | I18: Precio-Unit. | J18: Cantidad | K18: Valor-Unit. | M18: =+IFERROR(VLOOKUP(F17,[92]Presupuesto!B:G,4,FALSE),M17) -> 0 | N18: =+IFERROR(M18*J18,0) -> 0
F19: =+[92]INSUMOS!$A$132 -> Alambre negro No. 18 | H19: =+VLOOKUP(F19,[92]INSUMOS!A:E,2,FALSE) -> kg | I19: =+VLOOKUP(F19,[92]INSUMOS!A:E,3,FALSE) -> 3400 | J19: 0.01 | K19: =+ROUND(J19*I19,0) -> 34 | M19: =+IFERROR(VLOOKUP(F18,[92]Presupuesto!B:G,4,FALSE),M18) -> 0 | N19: =+IFERROR(M19*J19,0) -> 0
F20: =+[92]INSUMOS!$A$133 -> Durmiente | H20: =+VLOOKUP(F20,[92]INSUMOS!A:E,2,FALSE) -> m | I20: =+VLOOKUP(F20,[92]INSUMOS!A:E,3,FALSE) -> 2600 | J20: 0.5 | K20: =+ROUND(J20*I20,0) -> 1300 | M20: =+IFERROR(VLOOKUP(F19,[92]Presupuesto!B:G,4,FALSE),M19) -> 0 | N20: =+IFERROR(M20*J20,0) -> 0
F21: =+[92]INSUMOS!$A$134 -> Puntilla de 1" | H21: =+VLOOKUP(F21,[92]INSUMOS!A:E,2,FALSE) -> lb | I21: =+VLOOKUP(F21,[92]INSUMOS!A:E,3,FALSE) -> 2350 | J21: 0.01 | K21: =+ROUND(J21*I21,0) -> 24 | M21: =+IFERROR(VLOOKUP(F20,[92]Presupuesto!B:G,4,FALSE),M20) -> 0 | N21: =+IFERROR(M21*J21,0) -> 0
K22: =+ROUND(J22*I22,0) -> 0 | M22: =+IFERROR(VLOOKUP(F21,[92]Presupuesto!B:G,4,FALSE),M21) -> 0 | N22: =+IFERROR(M22*J22,0) -> 0
K23: =+ROUND(J23*I23,0) -> 0 | M23: =+IFERROR(VLOOKUP(F22,[92]Presupuesto!B:G,4,FALSE),M22) -> 0 | N23: =+IFERROR(M23*J23,0) -> 0
C24: =+B16 -> 1.01 | K24: Sub-Total | L24: =+SUM(K19:K23) -> 1358 | M24: =+IFERROR(VLOOKUP(F23,[92]Presupuesto!B:G,4,FALSE),M23) -> 0 | N24: =+IFERROR(M24*J24,0) -> 0
F25: III. TRANSPORTES | M25: =+IFERROR(VLOOKUP(F24,[92]Presupuesto!B:G,4,FALSE),M24) -> 0 | N25: =+IFERROR(M25*J25,0) -> 0
F26: Descripción | H26: Tipo | I26: m3-Km | J26: Tarifa | K26: Valor-Unit. | M26: =+IFERROR(VLOOKUP(F25,[92]Presupuesto!B:G,4,FALSE),M25) -> 0 | N26: =+IFERROR(M26*J26,0) -> 0
K27: =+ROUND(J27*I27,0) -> 0 | M27: =+IFERROR(VLOOKUP(F26,[92]Presupuesto!B:G,4,FALSE),M26) -> 0 | N27: =+IFERROR(M27*J27,0) -> 0
K28: =+ROUND(J28*I28,0) -> 0 | M28: =+IFERROR(VLOOKUP(F27,[92]Presupuesto!B:G,4,FALSE),M27) -> 0 | N28: =+IFERROR(M28*J28,0) -> 0
K29: =+ROUND(J29*I29,0) -> 0 | M29: =+IFERROR(VLOOKUP(F28,[92]Presupuesto!B:G,4,FALSE),M28) -> 0 | N29: =+IFERROR(M29*J29,0) -> 0
K30: =+ROUND(J30*I30,0) -> 0 | M30: =+IFERROR(VLOOKUP(F29,[92]Presupuesto!B:G,4,FALSE),M29) -> 0 | N30: =+IFERROR(M30*J30,0) -> 0
D31: =+C24 -> 1.01 | K31: Sub-Total | L31: =+SUM(K27:K30) -> 0 | M31: =+IFERROR(VLOOKUP(F30,[92]Presupuesto!B:G,4,FALSE),M30) -> 0 | N31: =+IFERROR(M31*J31,0) -> 0
F32: IV. MANO DE OBRA | M32: =+IFERROR(VLOOKUP(F31,[92]Presupuesto!B:G,4,FALSE),M31) -> 0 | N32: =+IFERROR(M32*J32,0) -> 0
F33: Trabajador | G33: Cantidad | H33: Jornal | I33: Prestaciones (FP) | J33: Jornal Total | K33: Rendimiento | L33: Valor-Unit. | M33: =+IFERROR(VLOOKUP(F32,[92]Presupuesto!B:G,4,FALSE),M32) -> 0 | N33: =+IFERROR(M33*J33,0) -> 0
F34: Oficial O Civil | G34: 1 | H34: =+VLOOKUP(F34,[92]MO!A:D,2,FALSE) -> 95342.466 | I34: =+VLOOKUP(F34,[92]MO!A:D,3,FALSE) -> 0.7 | J34: =+ROUND(H34*(1+I34),2) -> 162082.19 | K34: 0.03 | L34: =+ROUND(G34*K34*J34,0) -> 4862 | M34: =+IFERROR(VLOOKUP(F33,[92]Presupuesto!B:G,4,FALSE),M33) -> 0 | N34: =+IFERROR(M34*J34,0) -> 0
F35: Ayudante O Civil | G35: 2 | H35: =+VLOOKUP(F35,[92]MO!A:D,2,FALSE) -> 47671.233 | I35: =+VLOOKUP(F35,[92]MO!A:D,3,FALSE) -> 0.82 | J35: =+ROUND(H35*(1+I35),2) -> 86761.64 | K35: =+K34 -> 0.03 | L35: =+ROUND(G35*K35*J35,0) -> 5206 | M35: =+IFERROR(VLOOKUP(F34,[92]Presupuesto!B:G,4,FALSE),M34) -> 0 | N35: =+IFERROR(M35*J35,0) -> 0
F36: Maestro | G36: 1 | H36: =+VLOOKUP(F36,[92]MO!A:D,2,FALSE) -> 114410.96 | I36: =+VLOOKUP(F36,[92]MO!A:D,3,FALSE) -> 0.61 | J36: =+ROUND(H36*(1+I36),2) -> 184201.64 | K36: =+K35 -> 0.03 | L36: =+ROUND(G36*K36*J36,0) -> 5526 | M36: =+IFERROR(VLOOKUP(F35,[92]Presupuesto!B:G,4,FALSE),M35) -> 0 | N36: =+IFERROR(M36*J36,0) -> 0
J37: =+ROUND(H37*(1+I37),2) -> 0 | L37: =+ROUND(G37*K37*J37,0) -> 0 | M37: =+IFERROR(VLOOKUP(F36,[92]Presupuesto!B:G,4,FALSE),M36) -> 0 | N37: =+IFERROR(M37*J37,0) -> 0
J38: =+ROUND(H38*(1+I38),2) -> 0 | L38: =+ROUND(G38*K38*J38,2) -> 0 | M38: =+IFERROR(VLOOKUP(F37,[92]Presupuesto!B:G,4,FALSE),M37) -> 0 | N38: =+IFERROR(M38*J38,0) -> 0
E39: =+D31 -> 1.01 | K39: Sub-Total | L39: =+SUM(L34:L38) -> 15594 | M39: =+IFERROR(VLOOKUP(F38,[92]Presupuesto!B:G,4,FALSE),M38) -> 0 | N39: =+IFERROR(M39*J39,0) -> 0
M40: =+IFERROR(VLOOKUP(F39,[92]Presupuesto!B:G,4,FALSE),M39) -> 0 | N40: =+IFERROR(M40*J40,0) -> 0
A41: =+F8 -> 1.01 | F41: _________________________ | H41: Total Costo Directo | L41: =+L16+L24+L31+L39 -> 17732 | M41: =+IFERROR(VLOOKUP(F40,[92]Presupuesto!B:G,4,FALSE),M40) -> 0 | N41: =+IFERROR(M41*J41,0) -> 0
F42: =+[92]Presupuesto!$B$69 -> STEFANY BOHORQUEZ PEREZ | M42: =+IFERROR(VLOOKUP(F41,[92]Presupuesto!B:G,4,FALSE),M41) -> 0 | N42: =+IFERROR(M42*J42,0) -> 0
F43: =+[92]Presupuesto!$B$70 -> SECRETARIA DE PLANEACION MUNICIPAL | M43: =+IFERROR(VLOOKUP(F42,[92]Presupuesto!B:G,4,FALSE),M42) -> 0 | N43: =+IFERROR(M43*J43,0) -> 0
F44: =+[92]Presupuesto!$B$71 -> MUNICIPIO DE CAUCASIA | M44: =+IFERROR(VLOOKUP(F43,[92]Presupuesto!B:G,4,FALSE),M43) -> 0 | N44: =+IFERROR(M44*J44,0) -> 0
F45: Item | G45: =+VLOOKUP(F47,[92]Presupuesto!B:G,2,FALSE) -> Descapote y Limpieza del Terreno | K45: MUNICIPIO: | L45: Caucasia
K46: DPTO: | L46: Antioquia
F47: =+[92]Presupuesto!$B$10 -> 1.02 | K47: FECHA: | L47: =+L8 -> 44987
K48: UNIDAD: | L48: =+VLOOKUP(F47,[92]Presupuesto!B:G,3,FALSE) -> m² | M48: =+VLOOKUP(F47,[92]Presupuesto!B:G,4,FALSE) -> 963 | N48: =+IFERROR(M48*J48,0) -> 0
F49: I. EQUIPO | M49: =+IFERROR(VLOOKUP(F48,[92]Presupuesto!B:G,4,FALSE),M48) -> 0 | N49: =+IFERROR(M49*J49,0) -> 0
F50: Descripción | H50: Tipo | I50: Tarifa/Hora | J50: Rendimiento | K50: Valor-Unit. | M50: =+IFERROR(VLOOKUP(F49,[92]Presupuesto!B:G,4,FALSE),M49) -> 0 | N50: =+IFERROR(M50*J50,0) -> 0
F51: Herramienta menor | H51: % M.O. | I51: =L78 -> 15273 | J51: 0.05 | K51: =+ROUND(J51*I51,0) -> 764 | M51: =+IFERROR(VLOOKUP(F50,[92]Presupuesto!B:G,4,FALSE),M50) -> 0 | N51: =+IFERROR(M51*J51,0) -> 0
K52: =+ROUND(J52*I52,0) -> 0 | M52: =+IFERROR(VLOOKUP(F51,[92]Presupuesto!B:G,4,FALSE),M51) -> 0 | N52: =+IFERROR(M52*J52,0) -> 0
K53: =+ROUND(J53*I53,0) -> 0 | M53: =+IFERROR(VLOOKUP(F52,[92]Presupuesto!B:G,4,FALSE),M52) -> 0 | N53: =+IFERROR(M53*J53,0) -> 0
K54: =+ROUND(J54*I54,0) -> 0 | M54: =+IFERROR(VLOOKUP(F53,[92]Presupuesto!B:G,4,FALSE),M53) -> 0 | N54: =+IFERROR(M54*J54,0) -> 0
B55: =+F47 -> 1.02 | K55: Sub-Total | L55: =+SUM(K51:K54) -> 764 | M55: =+IFERROR(VLOOKUP(F54,[92]Presupuesto!B:G,4,FALSE),M54) -> 0 | N55: =+IFERROR(M55*J55,0) -> 0
F56: II. MATERIALES EN OBRA | M56: =+IFERROR(VLOOKUP(F55,[92]Presupuesto!B:G,4,FALSE),M55) -> 0 | N56: =+IFERROR(M56*J56,0) -> 0
F57: Descripción | H57: Unidad | I57: Precio-Unit. | J57: Cantidad | K57: Valor-Unit. | M57: =+IFERROR(VLOOKUP(F56,[92]Presupuesto!B:G,4,FALSE),M56) -> 0 | N57: =+IFERROR(M57*J57,0) -> 0
K58: =+ROUND(J58*I58,0) -> 0 | M58: =+IFERROR(VLOOKUP(F57,[92]Presupuesto!B:G,4,FALSE),M57) -> 0 | N58: =+IFERROR(M58*J58,0) -> 0
K59: =+ROUND(J59*I59,0) -> 0 | M59: =+IFERROR(VLOOKUP(F58,[92]Presupuesto!B:G,4,FALSE),M58) -> 0 | N59: =+IFERROR(M59*J59,0) -> 0
K60: =+ROUND(J60*I60,0) -> 0 | M60: =+IFERROR(VLOOKUP(F59,[92]Presupuesto!B:G,4,FALSE),M59) -> 0 | N60: =+IFERROR(M60*J60,0) -> 0
K61: =+ROUND(J61*I61,0) -> 0 | M61: =+IFERROR(VLOOKUP(F60,[92]Presupuesto!B:G,4,FALSE),M60) -> 0 | N61: =+IFERROR(M61*J61,0) -> 0
K62: =+ROUND(J62*I62,0) -> 0 | M62: =+IFERROR(VLOOKUP(F61,[92]Presupuesto!B:G,4,FALSE),M61) -> 0 | N62: =+IFERROR(M62*J62,0) -> 0
C63: =+B55 -> 1.02 | K63: Sub-Total | L63: =+SUM(K58:K62) -> 0 | M63: =+IFERROR(VLOOKUP(F62,[92]Presupuesto!B:G,4,FALSE),M62) -> 0 | N63: =+IFERROR(M63*J63,0) -> 0
F64: III. TRANSPORTES | M64: =+IFERROR(VLOOKUP(F63,[92]Presupuesto!B:G,4,FALSE),M63) -> 0 | N64: =+IFERROR(M64*J64,0) -> 0
F65: Descripción | H65: Tipo | I65: m3-Km | J65: Tarifa | K65: Valor-Unit. | M65: =+IFERROR(VLOOKUP(F64,[92]Presupuesto!B:G,4,FALSE),M64) -> 0 | N65: =+IFERROR(M65*J65,0) -> 0
K66: =+ROUND(J66*I66,0) -> 0 | M66: =+IFERROR(VLOOKUP(F65,[92]Presupuesto!B:G,4,FALSE),M65) -> 0 | N66: =+IFERROR(M66*J66,0) -> 0
K67: =+ROUND(J67*I67,0) -> 0 | M67: =+IFERROR(VLOOKUP(F66,[92]Presupuesto!B:G,4,FALSE),M66) -> 0 | N67: =+IFERROR(M67*J67,0) -> 0
K68: =+ROUND(J68*I68,0) -> 0 | M68: =+IFERROR(VLOOKUP(F67,[92]Presupuesto!B:G,4,FALSE),M67) -> 0 | N68: =+IFERROR(M68*J68,0) -> 0
K69: =+ROUND(J69*I69,0) -> 0 | M69: =+IFERROR(VLOOKUP(F68,[92]Presupuesto!B:G,4,FALSE),M68) -> 0 | N69: =+IFERROR(M69*J69,0) -> 0
D70: =+C63 -> 1.02 | K70: Sub-Total | L70: =+SUM(K66:K69) -> 0 | M70: =+IFERROR(VLOOKUP(F69,[92]Presupuesto!B:G,4,FALSE),M69) -> 0 | N70: =+IFERROR(M70*J70,0) -> 0
F71: IV. MANO DE OBRA | M71: =+IFERROR(VLOOKUP(F70,[92]Presupuesto!B:G,4,FALSE),M70) -> 0 | N71: =+IFERROR(M71*J71,0) -> 0
F72: Trabajador | G72: Cantidad | H72: Jornal | I72: Prestaciones (FP) | J72: Jornal Total | K72: Rendimiento | L72: Valor-Unit. | M72: =+IFERROR(VLOOKUP(F71,[92]Presupuesto!B:G,4,FALSE),M71) -> 0 | N72: =+IFERROR(M72*J72,0) -> 0
F73: Oficial O Civil | G73: 1 | H73: =+VLOOKUP(F73,[92]MO!A:D,2,FALSE) -> 95342.466 | I73: =+VLOOKUP(F73,[92]MO!A:D,3,FALSE) -> 0.7 | J73: =+ROUND(H73*(1+I73),2) -> 162082.19 | K73: 0.03 | L73: =+ROUND(G73*K73*J73,0) -> 4862 | M73: =+IFERROR(VLOOKUP(F72,[92]Presupuesto!B:G,4,FALSE),M72) -> 0 | N73: =+IFERROR(M73*J73,0) -> 0
F74: Ayudante O Civil | G74: 4 | H74: =+VLOOKUP(F74,[92]MO!A:D,2,FALSE) -> 47671.233 | I74: =+VLOOKUP(F74,[92]MO!A:D,3,FALSE) -> 0.82 | J74: =+ROUND(H74*(1+I74),2) -> 86761.64 | K74: =+K73 -> 0.03 | L74: =+ROUND(G74*K74*J74,0) -> 10411 | M74: =+IFERROR(VLOOKUP(F73,[92]Presupuesto!B:G,4,FALSE),M73) -> 0 | N74: =+IFERROR(M74*J74,0) -> 0
J75: =+ROUND(H75*(1+I75),2) -> 0 | L75: =+ROUND(G75*K75*J75,0) -> 0 | M75: =+IFERROR(VLOOKUP(F74,[92]Presupuesto!B:G,4,FALSE),M74) -> 0 | N75: =+IFERROR(M75*J75,0) -> 0
J76: =+ROUND(H76*(1+I76),2) -> 0 | L76: =+ROUND(G76*K76*J76,0) -> 0 | M76: =+IFERROR(VLOOKUP(F75,[92]Presupuesto!B:G,4,FALSE),M75) -> 0 | N76: =+IFERROR(M76*J76,0) -> 0
J77: =+ROUND(H77*(1+I77),2) -> 0 | L77: =+ROUND(G77*K77*J77,2) -> 0 | M77: =+IFERROR(VLOOKUP(F76,[92]Presupuesto!B:G,4,FALSE),M76) -> 0 | N77: =+IFERROR(M77*J77,0) -> 0
E78: =+D70 -> 1.02 | K78: Sub-Total | L78: =+SUM(L73:L77) -> 15273 | M78: =+IFERROR(VLOOKUP(F77,[92]Presupuesto!B:G,4,FALSE),M77) -> 0 | N78: =+IFERROR(M78*J78,0) -> 0
M79: =+IFERROR(VLOOKUP(F78,[92]Presupuesto!B:G,4,FALSE),M78) -> 0 | N79: =+IFERROR(M79*J79,0) -> 0
A80: =+F47 -> 1.02 | F80: _________________________ | H80: Total Costo Directo | L80: =+L55+L63+L70+L78 -> 16037 | M80: =+IFERROR(VLOOKUP(F79,[92]Presupuesto!B:G,4,FALSE),M79) -> 0 | N80: =+IFERROR(M80*J80,0) -> 0
F81: =+[92]Presupuesto!$B$69 -> STEFANY BOHORQUEZ PEREZ | M81: =+IFERROR(VLOOKUP(F80,[92]Presupuesto!B:G,4,FALSE),M80) -> 0 | N81: =+IFERROR(M81*J81,0) -> 0
F82: =+[92]Presupuesto!$B$70 -> SECRETARIA DE PLANEACION MUNICIPAL | M82: =+IFERROR(VLOOKUP(F81,[92]Presupuesto!B:G,4,FALSE),M81) -> 0 | N82: =+IFERROR(M82*J82,0) -> 0
F83: =+[92]Presupuesto!$B$71 -> MUNICIPIO DE CAUCASIA | M83: =+IFERROR(VLOOKUP(F82,[92]Presupuesto!B:G,4,FALSE),M82) -> 0 | N83: =+IFERROR(M83*J83,0) -> 0
F84: Item | G84: =+VLOOKUP(F86,[92]Presupuesto!B:G,2,FALSE) -> Demolicion de Piso | K84: MUNICIPIO: | L84: Caucasia
K85: DPTO: | L85: Antioquia
F86: =+[92]Presupuesto!$B$11 -> 1.03 | K86: FECHA: | L86: =+L47 -> 44987
K87: UNIDAD: | L87: =+VLOOKUP(F86,[92]Presupuesto!B:G,3,FALSE) -> m² | M87: =+VLOOKUP(F86,[92]Presupuesto!B:G,4,FALSE) -> 510 | N87: =+IFERROR(M87*J87,0) -> 0
F88: I. EQUIPO | M88: =+IFERROR(VLOOKUP(F87,[92]Presupuesto!B:G,4,FALSE),M87) -> 0 | N88: =+IFERROR(M88*J88,0) -> 0
F89: Descripción | H89: Tipo | I89: Tarifa/Hora | J89: Rendimiento | K89: Valor-Unit. | M89: =+IFERROR(VLOOKUP(F88,[92]Presupuesto!B:G,4,FALSE),M88) -> 0 | N89: =+IFERROR(M89*J89,0) -> 0
F90: Herramienta menor | H90: % M.O. | I90: =L117 -> 6712 | J90: 0.05 | K90: =+ROUND(J90*I90,0) -> 336 | M90: =+IFERROR(VLOOKUP(F89,[92]Presupuesto!B:G,4,FALSE),M89) -> 0 | N90: =+IFERROR(M90*J90,0) -> 0
F91: =+[92]EQUIPOS!$B$15 -> Minicargador con Martillo | H91: =+VLOOKUP(F91,[92]EQUIPOS!B:D,2,FALSE) -> Hr | I91: =+VLOOKUP(F91,[92]EQUIPOS!B:D,3,FALSE) -> 130900 | J91: 0.5 | K91: =+ROUND(J91*I91,0) -> 65450 | M91: =+IFERROR(VLOOKUP(F90,[92]Presupuesto!B:G,4,FALSE),M90) -> 0 | N91: =+IFERROR(M91*J91,0) -> 0
K92: =+ROUND(J92*I92,0) -> 0 | M92: =+IFERROR(VLOOKUP(F91,[92]Presupuesto!B:G,4,FALSE),M91) -> 0 | N92: =+IFERROR(M92*J92,0) -> 0
K93: =+ROUND(J93*I93,0) -> 0 | M93: =+IFERROR(VLOOKUP(F92,[92]Presupuesto!B:G,4,FALSE),M92) -> 0 | N93: =+IFERROR(M93*J93,0) -> 0
B94: =+F86 -> 1.03 | K94: Sub-Total | L94: =+SUM(K90:K93) -> 65786 | M94: =+IFERROR(VLOOKUP(F93,[92]Presupuesto!B:G,4,FALSE),M93) -> 0 | N94: =+IFERROR(M94*J94,0) -> 0
F95: II. MATERIALES EN OBRA | M95: =+IFERROR(VLOOKUP(F94,[92]Presupuesto!B:G,4,FALSE),M94) -> 0 | N95: =+IFERROR(M95*J95,0) -> 0
F96: Descripción | H96: Unidad | I96: Precio-Unit. | J96: Cantidad | K96: Valor-Unit. | M96: =+IFERROR(VLOOKUP(F95,[92]Presupuesto!B:G,4,FALSE),M95) -> 0 | N96: =+IFERROR(M96*J96,0) -> 0
K97: =+ROUND(J97*I97,0) -> 0 | M97: =+IFERROR(VLOOKUP(F96,[92]Presupuesto!B:G,4,FALSE),M96) -> 0 | N97: =+IFERROR(M97*J97,0) -> 0
K98: =+ROUND(J98*I98,0) -> 0 | M98: =+IFERROR(VLOOKUP(F97,[92]Presupuesto!B:G,4,FALSE),M97) -> 0 | N98: =+IFERROR(M98*J98,0) -> 0
K99: =+ROUND(J99*I99,0) -> 0 | M99: =+IFERROR(VLOOKUP(F98,[92]Presupuesto!B:G,4,FALSE),M98) -> 0 | N99: =+IFERROR(M99*J99,0) -> 0
K100: =+ROUND(J100*I100,0) -> 0 | M100: =+IFERROR(VLOOKUP(F99,[92]Presupuesto!B:G,4,FALSE),M99) -> 0 | N100: =+IFERROR(M100*J100,0) -> 0
K101: =+ROUND(J101*I101,0) -> 0 | M101: =+IFERROR(VLOOKUP(F100,[92]Presupuesto!B:G,4,FALSE),M100) -> 0 | N101: =+IFERROR(M101*J101,0) -> 0
C102: =+B94 -> 1.03 | K102: Sub-Total | L102: =+SUM(K97:K101) -> 0 | M102: =+IFERROR(VLOOKUP(F101,[92]Presupuesto!B:G,4,FALSE),M101) -> 0 | N102: =+IFERROR(M102*J102,0) -> 0
...

Sheet APU IGUANAS
A1: SECRETARIA DE PLANEACION Y OBRAS PUBLICAS | F1: ANALISIS DE PRECIOS UNITARIOS
A5: OBJETO : | B5: ADECUACIÓN Y MEJORAMIENTO DEL PARQUE DE LAS IGUANAS, UBICADO EN EL BARRIO EL BOSQUE DEL MUNICIPIO DE CAUCASIA, ANTIOQUIA
A7: ITEM: | B7: Localización y Replanteo
A8: ='PPTO OFICIAL'!A10 -> 1.1
H9: UNIDAD: | I9: ='PPTO OFICIAL'!C10 -> M2
A10: I. EQUIPO
A11: DESCRIPCIÓN | F11: CANT | G11: Vr. / DIA | H11: REND. | I11: V-UNIT.
A12: Herramienta menor | I12: =ROUND(I38*0.05,) -> 89
A13: Equipo topografia | F13: 1 | G13: =+MAQUINARIAS!E23 -> 250000 | H13: 110 | I13: =ROUND(F13*G13/H13,) -> 2273
H17: SUB-TOTAL | I17: =ROUND((SUM(I12:I16)),2) -> 2362
A18: II. MATERIALES EN OBRA
A19: DESCRIPCIÓN | F19: UN. | G19: P-UNIT. | H19: CANT. | I19: V-UNIT.
H28: SUB-TOTAL | I28: =ROUND((SUM(I20:I27)),0) -> 0
A29: III. TRANSPORTES
A30: MATERIAL | E30: Vol (M3) | F30: DIST. | G30: M3-KM | H30: TARIFA | I30: V-UNIT.
H33: SUB-TOTAL | I33: =ROUND((SUM(I31:I32)),0) -> 0
A34: IV. MANO DE OBRA
A35: PERSONAL | E35: CANTIDAD | F35: JORNAL MAS PRESTAC. | H35: REND. | I35: V-UNIT.
A36: =+CUADRILLAS!B18 -> CUADRILLA 7 | E36: 1 | F36: =+CUADRILLAS!C18 -> 196668 | H36: =+H13 -> 110 | I36: =ROUND(F36/H36,) -> 1788
H38: SUB-TOTAL | I38: =ROUND((SUM(I36:I37)),2) -> 1788
F40: TOTAL COSTO DIRECTO | I40: =+I38+I33+I28+I17 -> 4150
A41: V. COSTOS INDIRECTOS
A42: DESCRIPCIÓN | H42: % | I42: V-TOTAL
H46: SUB-TOTAL | I46: =ROUND((SUM(I43:I45)),0) -> 0
H48: TOTAL | I48: =ROUND((I40+I46),2) -> 4150
A50: SECRETARIA DE PLANEACION Y OBRAS PUBLICAS | F50: ANALISIS DE PRECIOS UNITARIOS
A54: OBJETO : | B54: =+B5 -> ADECUACIÓN Y MEJORAMIENTO DEL PARQUE DE LAS IGUANAS, UBICADO EN EL BARRIO EL BOSQUE DEL MUNICIPIO DE CAUCASIA, ANTIOQUIA
A56: ITEM: | B56: ='PPTO OFICIAL'!B11 -> Demolición de piso en concreto de cualquier resistencia, manual o mecánicamente y con un espesor de hasta 15cm, incluye cargue retiro y disposición de material sobrante
A57: ='PPTO OFICIAL'!A11 -> 1.2
H59: UNIDAD: | I59: ='PPTO OFICIAL'!C11 -> M2
A60: I. EQUIPO
A61: DESCRIPCIÓN | F61: CANT | G61: Vr. / DIA | H61: REND. | I61: V-UNIT.
A62: Herramienta menor | I62: =ROUND(I88*0.05,) -> 756
A63: =+MAQUINARIAS!B33 -> Taladro demolición tipo machin con punta | F63: 1 | G63: =MAQUINARIAS!E33 -> 150000 | H63: 8 | I63: =+G63/H63 -> 18750
H67: SUB-TOTAL | I67: =ROUND((SUM(I62:I66)),2) -> 19506
A68: II. MATERIALES EN OBRA
A69: DESCRIPCIÓN | F69: UN. | G69: P-UNIT. | H69: CANT. | I69: V-UNIT.
H78: SUB-TOTAL | I78: =ROUND((SUM(I70:I77)),2) -> 0
A79: III. TRANSPORTES
A80: MATERIAL | E80: Vol (M3) | F80: DIST. | G80: M3-KM | H80: TARIFA | I80: V-UNIT.
E81: 1 | F81: 5 | G81: =+F81*E81 -> 5 | H81: 1400 | I81: =+H81*G81 -> 7000
H83: SUB-TOTAL | I83: =ROUND((SUM(I81:I82)),2) -> 7000
A84: IV. MANO DE OBRA
A85: PERSONAL | E85: CANTIDAD | F85: JORNAL MAS PRESTAC. | H85: REND. | I85: V-UNIT.
A86: =CUADRILLAS!B13 -> CUADRILLA 2 | E86: 1 | F86: =CUADRILLAS!C13 -> 121027 | H86: =+H63 -> 8 | I86: =ROUND(F86/H86,) -> 15128
H88: SUB-TOTAL | I88: =ROUND((SUM(I86:I87)),2) -> 15128
F90: TOTAL COSTO DIRECTO | I90: =+I88+I83+I78+I67 -> 41634
A91: V. COSTOS INDIRECTOS
A92: DESCRIPCIÓN | H92: % | I92: V-TOTAL
H96: SUB-TOTAL | I96: =ROUND((SUM(I93:I95)),0) -> 0
H98: TOTAL | I98: =ROUND((I90+I96),2) -> 41634
A100: SECRETARIA DE PLANEACION Y OBRAS PUBLICAS | F100: ANALISIS DE PRECIOS UNITARIOS
A104: OBJETO : | B104: =+B54 -> ADECUACIÓN Y MEJORAMIENTO DEL PARQUE DE LAS IGUANAS, UBICADO EN EL BARRIO EL BOSQUE DEL MUNICIPIO DE CAUCASIA, ANTIOQUIA
A106: ITEM: | B106: ='PPTO OFICIAL'!B13 -> Excavación manual profundidad <2,0 m en tierra común
A107: ='PPTO OFICIAL'!A13 -> 2.1
H108: UNIDAD: | I108: ='PPTO OFICIAL'!C13 -> M3
A109: I. EQUIPO
A110: DESCRIPCIÓN | F110: CANT | G110: Vr. / DIA | H110: REND. | I110: V-UNIT.
A111: Herramienta menor | I111: =ROUND(I139*0.05,) -> 1210
H116: SUB-TOTAL | I116: =ROUND((SUM(I111:I115)),2) -> 1210
A117: II. MATERIALES EN OBRA
A118: DESCRIPCIÓN | F118: UN. | G118: P-UNIT. | H118: CANT. | I118: V-UNIT.
H127: SUB-TOTAL | I127: =ROUND((SUM(I119:I126)),2) -> 0
A128: III. TRANSPORTES
A129: DESCRIPCION | E129: Vol (M3) | F129: DIST. | G129: M3-KM | H129: TARIFA | I129: V-UNIT.
H133: SUB-TOTAL | I133: =ROUND((SUM(I130:I132)),2) -> 0
A134: IV. MANO DE OBRA
A135: PERSONAL | E135: CANTIDAD | F135: JORNAL MAS PRESTAC. | H135: REND. | I135: V-UNIT.
A136: =CUADRILLAS!A13 -> 2 AYUDANTES | E136: 1 | F136: =CUADRILLAS!C13 -> 121027 | H136: 5 | I136: =ROUND(F136/H136,) -> 24205
H139: SUB-TOTAL | I139: =ROUND((SUM(I136:I138)),2) -> 24205
F141: TOTAL COSTO DIRECTO | I141: =+I139+I133+I127+I116 -> 25415
A142: V. COSTOS INDIRECTOS
A143: DESCRIPCIÓN | H143: % | I143: V-TOTAL
H147: SUB-TOTAL | I147: =ROUND((SUM(I144:I146)),0) -> 0
H149: TOTAL | I149: =ROUND((I141+I147),0) -> 25415
A151: SECRETARIA DE PLANEACION Y OBRAS PUBLICAS | F151: ANALISIS DE PRECIOS UNITARIOS
A155: OBJETO : | B155: =B104 -> ADECUACIÓN Y MEJORAMIENTO DEL PARQUE DE LAS IGUANAS, UBICADO EN EL BARRIO EL BOSQUE DEL MUNICIPIO DE CAUCASIA, ANTIOQUIA
A157: ITEM: | B157: ='PPTO OFICIAL'!B14 -> Lleno y compactacion con material tipo sub-base granular
A158: ='PPTO OFICIAL'!A14 -> 2.2
H159: UNIDAD: | I159: ='PPTO OFICIAL'!C14 -> M3
A160: I. EQUIPO
A161: DESCRIPCIÓN | F161: CANT | G161: Vr. / DIA | H161: REND. | I161: V-UNIT.
A162: Herramienta menor | I162: =ROUND(I190*0.05,) -> 504
A163: =+MAQUINARIAS!B35 -> Compactador tipo rana | F163: 1 | G163: =MAQUINARIAS!E35 -> 60000 | H163: 12 | I163: =+G163/H163 -> 5000
H167: SUB-TOTAL | I167: =ROUND((SUM(I162:I166)),2) -> 5504
A168: II. MATERIALES EN OBRA
A169: DESCRIPCIÓN | F169: UN. | G169: P-UNIT. | H169: CANT. | I169: V-UNIT.
A170: =+MATERIALES!B29 -> SUB BASE GRANULAR TIPO INVIAS | F170: m3 | G170: =MATERIALES!E29 -> 55000 | H170: 1.05 | I170: =+H170*G170 -> 57750
H178: SUB-TOTAL | I178: =ROUND((SUM(I170:I177)),2) -> 57750
A179: III. TRANSPORTES
A180: DESCRIPCION | E180: Vol (M3) | F180: DIST. | G180: M3-KM | H180: TARIFA | I180: V-UNIT.
A181: =MAQUINARIAS!B18 -> Movimiento de materiales petreos | E181: 1 | F181: 5 | G181: =+F181*E181 -> 5 | H181: 1400 | I181: =+H181*G181 -> 7000
H184: SUB-TOTAL | I184: =ROUND((SUM(I181:I183)),2) -> 7000
A185: IV. MANO DE OBRA
A186: PERSONAL | E186: CANTIDAD | F186: JORNAL MAS PRESTAC. | H186: REND. | I186: V-UNIT.
A187: =CUADRILLAS!B13 -> CUADRILLA 2 | E187: 1 | F187: =CUADRILLAS!C13 -> 121027 | H187: =+H163 -> 12 | I187: =+F187/H187 -> 10085.583
H190: SUB-TOTAL | I190: =ROUND((SUM(I187:I189)),2) -> 10085.58
F192: TOTAL COSTO DIRECTO | I192: =+I190+I184+I178+I167 -> 80339.58
A193: V. COSTOS INDIRECTOS
A194: DESCRIPCIÓN | H194: % | I194: V-TOTAL
...

Sheet PPTO OFICIAL
B1: DEPARTAMENTO DE ANTIOQUIA MUNICIPIO DE CAUCASIA NIT: 890906445 - 2 | E1: Código: D-A- A4-01
E2: Versión: 2
E3: Fecha de Aprobación 29 de Diciembre de 2017
B4: SECRETARIA DE PLANEACION Y OBRAS PUBLICAS
B5: PRESUPUESTO DE OBRA
A6: OBJETO: | H6: =+A7 -> MANTENER Y MEJORAR ESPACIOS RECREATIVOS DE LA ZONA URBANA DEL MUNICIPIO DE CAUCASIA
A7: MANTENER Y MEJORAR ESPACIOS RECREATIVOS DE LA ZONA URBANA DEL MUNICIPIO DE CAUCASIA
A8: ITEM | B8: DESCRIPCION | C8: UND | D8: CANT | E8: VR. UNITARIO | F8: VALOR PARCIAL
A9: 1 | B9: OBRAS PRELIMINARES | F9: =+F10+F11 -> 2339118
A10: 1.1 | B10: Localización y Replanteo | C10: M2 | D10: ='MEM CALCULO'!H14 -> 78.08 | E10: ='APU IGUANAS'!I48 -> 4150 | F10: =ROUND(D10*E10,0) -> 324032
A11: 1.2 | B11: Demolición de piso en concreto de cualquier resistencia, manual o mecánicamente y con un espesor de hasta 15cm, incluye cargue retiro y disposición de material sobrante | C11: M2 | D11: ='MEM CALCULO'!H33 -> 48.4 | E11: ='APU IGUANAS'!I98 -> 41634 | F11: =ROUND(D11*E11,0) -> 2015086
A12: 2 | B12: EXCAVACIONES Y LLENOS | F12: =+SUM(F13:F14) -> 789799.65
A13: 2.1 | B13: Excavación manual profundidad <2,0 m en tierra común | C13: M3 | D13: =+'MEM CALCULO'!H49 -> 12.71 | E13: ='APU IGUANAS'!I149 -> 25415 | F13: =+D13*E13 -> 323024.65
A14: 2.2 | B14: Lleno y compactacion con material tipo sub-base granular | C14: M3 | D14: =+'MEM CALCULO'!H89 -> 5.81 | E14: ='APU IGUANAS'!I200 -> 80340 | F14: =ROUND(D14*E14,0) -> 466775
A15: 3 | B15: ANDENES Y SENDERO PEATONAL | F15: =+SUM(F16:F20) -> 12120777
A16: 3.1 | B16: Suministro, transporte e instalación de bordillo en concreto prefabricado 15x35 cm | C16: ML | D16: =+'MEM CALCULO'!H126 -> 48.4 | E16: =+'APU IGUANAS'!I249 -> 83000 | F16: =ROUND(D16*E16,0) -> 4017200
A17: 3.2 | B17: Colocación de concreto para construcción de Andén e=0.10m con concreto Resistencia 21MPa (D) O Clase D (210 kg/cm2 ó 3000 psi) norma INVIAS 630-13 . Incluye malla electrosoldada. | C17: M3 | D17: =+'MEM CALCULO'!H144 -> 5.81 | E17: ='APU IGUANAS'!I299 -> 750787 | F17: =ROUND(D17*E17,0) -> 4362072
A18: 3.3 | B18: Suministro, transporte e instalación de guia tactil antideslizante 20x20x6 alfa o similar | C18: ML | D18: =+'MEM CALCULO'!H160 -> 48.4 | E18: ='APU IGUANAS'!I346 -> 30999 | F18: =ROUND(D18*E18,0) -> 1500352
A19: 3.4 | B19: Corte de dilataciones cada 1,60m, incluye cordon de soporte y sello de silicona autonivelante | C19: ML | D19: =+'MEM CALCULO'!H176 -> 36 | E19: ='APU IGUANAS'!I396 -> 22008 | F19: =ROUND(D19*E19,0) -> 792288
A20: 3.5 | B20: Suministro, transporte e instalación de triturado para sendero peatonal | C20: M2 | D20: =+'MEM CALCULO'!H208 -> 45 | E20: =+'APU IGUANAS'!I446 -> 32197 | F20: =ROUND(D20*E20,0) -> 1448865
A21: 4 | B21: MOBILIARIO | F21: =SUM(F22:F22) -> 8482922
A22: 4.1 | B22: Suministro, transporte e instalación de banca en concreto prefabricado, según especificacion de diseño, incluye todo lo necesario par su correcta instalación | C22: UN | D22: =+'MEM CALCULO'!H192 -> 7 | E22: ='APU IGUANAS'!I497 -> 1211846 | F22: =D22*E22 -> 8482922
A23: VALOR COSTOS DIRECTOS | F23: =ROUND(F21+F15+F12+F9,0) -> 23732617
A24: ADMINISTRATIVO (A) | E24: =+AU!I51 -> 0.29779034 | F24: =ROUND(F23*E24,0) -> 7067344
A25: UTILIDAD (U) | E25: =+AU!I52 -> 0.05 | F25: =ROUND(F23*E25,0) -> 1186631
A26: SUB TOTAL OBRA | F26: =SUM(F23:F25) -> 31986592
B30: STEFANY BOHORQUEZ PEREZ
B31: Secretaria de Planeacion
B32: NOMBRE | C32: CARGO | E32: FIRMA
A33: PROYECTO: | B33: XAYAN PACHECO CORREA | C33: Contratista, apoyo obras publicas
A34: REVISO: | B34: MANUEL ANGEL MUÑOZ PEREZ | C34: Porfesional universitario de infraestructura
A35: Los de arriba firmante hemos declarado que revisamos el documento y lo encontramos ajustado a las normas y disposiciones legales vigentes y por lo tanto, bajo nuestra responsabilidad lo presentamos para la firma.

Sheet AU
C1: =+[93]CRONOGRAMA!A1 -> DEPARTAMENTO DE ANTIOQUIA
C2: =+[93]CRONOGRAMA!A2 -> MUNICIPIO DE CAUCASIA
C3: NIT: 890.906.445-2
C4: =+[93]CRONOGRAMA!A3 -> SECRETARIA DE PLANEACION Y OBRAS PUBLICAS
C5: =+'PPTO OFICIAL'!A7 -> MANTENER Y MEJORAR ESPACIOS RECREATIVOS DE LA ZONA URBANA DEL MUNICIPIO DE CAUCASIA
A7: COMPOSICION DEL PORCENTAJE DE ADMINISTRACION, IMPREVISTOS Y UTILIDAD
A9: COSTO DIRECTO DEL PROYECTO | D9: =+'PPTO OFICIAL'!F23 -> 23732617 | F9: AU | G9: =+H9/D9 -> 0.34779034 | H9: =+D9*I53 -> 8253975
A10: DURACION DEL PROYECTO (MESES) | D10: 0.75 | F10: TOTAL PROYECTO (A) | H10: =+D9+H9 -> 31986592
A11: DETALLE DE LOS COSTOS ADMINISTRATIVOS
A12: 1. PERSONAL POR ADMINISTRACION
A13: DESCRIPCION | C13: CANTIDAD | D13: MESES | E13: PREST. (%) | F13: PERM. (%) | G13: SAL. BASICO | H13: VR. TOTAL | I13: PORCENTAJE
A14: Tecnologo Residente | C14: 1 | D14: =+D10 -> 0.75 | E14: 1.565 | F14: 1 | G14: 2400000 | H14: =ROUND((D14*E14*G14*C14*F14),2) -> 2817000 | I14: =+H14/$D$9 -> 0.1186974
A15: Tecnico en salud y seguridad | C15: 1 | D15: =+D14 -> 0.75 | E15: =+E14 -> 1.565 | F15: 0.5 | G15: 1500000 | H15: =ROUND((D15*E15*G15*C15*F15),2) -> 880312.5 | I15: =+H15/$D$9 -> 0.037092938
A17: TOTAL PERSONAL ADMINISTRATIVO | H17: =+SUM(H14:H15) -> 3697312.5 | I17: =+H17/$D$9 -> 0.15579034
A18: 2. MOVILIZACIÓN E INSTALACIÓN
A19: DESCRIPCION | C19: UNIDAD | D19: CANTIDAD | E19: MESES | G19: TARIFA | H19: VR. TOTAL | I19: PORCENTAJE
A21: TOTAL MOVILIZACION E INSTALACION | H21: =SUM(H20:H20) -> 0 | I21: =+H21/$D$9 -> 0
A22: 3. GASTOS GENERALES | L22: =+(H17+H39)/D9 -> 0.29779034
A23: DESCRIPCION | C23: UNIDAD | D23: CANTIDAD | E23: MESES | G23: TARIFA | H23: VR. TOTAL | I23: PORCENTAJE
A27: TOTAL GASTOS GENERALES | H27: =SUM(H24:H26) -> 0 | I27: =+H27/$D$9 -> 0
A28: 4. CONTROL DE CALIDAD EN OBRA | L28: =7700000/32000000 -> 0.240625
A29: DESCRIPCION | C29: UNIDAD | D29: CANTIDAD | G29: VR. UNITARIO | H29: VALOR TOTAL | I29: PORCENTAJE
A31: TOTAL GASTOS GENERALES | H31: =SUM(H30:H30) -> 0 | I31: =+H31/$D$9 -> 0
A32: 5. GASTOS LEGALES, JURIDICOS Y TRIBUTARIOS
A33: DESCRIPCION | C33: UNIDAD | D33: CANTIDAD | E33: MESES | G33: TARIFA | H33: VR. TOTAL | I33: PORCENTAJE
A34: Estampilla procultura | D34: 1 | G34: 0.015 | H34: =+G34*$D$9 -> 355989.26 | I34: =+H34/$D$9 -> 0.015
A35: Estampilla Adulto Mayor | D35: 1 | G35: 0.04 | H35: =+G35*$D$9 -> 949304.68 | I35: =+H35/$D$9 -> 0.04
A36: Estampilla U. de A. | D36: 1 | G36: 0.012 | H36: =+G36*$D$9 -> 284791.4 | I36: =+H36/$D$9 -> 0.012
A37: Estampilla prodeporte | D37: 1 | G37: 0.025 | H37: =+G37*$D$9 -> 593315.43 | I37: =+H37/$D$9 -> 0.025
A38: Contribución de obra pública – 5% - sobre el valor total del contrato antes de IVA – Ley 418 de 1997 – Ley 1106 de 2006 – Ley 80 de 1993 | D38: 1 | G38: 0.05 | H38: =+G38*$D$9 -> 1186630.9 | I38: =+H38/$D$9 -> 0.05
A39: TOTAL GASTOS GENERALES | H39: =SUM(H34:H38) -> 3370031.6 | I39: =+H39/$D$9 -> 0.142
A40: RESUMEN DE LOS COSTOS POR ADMINISTRACION
A41: DESCRIPCION | H41: TOTALES | I41: PORCENTAJE
A42: Personal por Administración | H42: =+H17 -> 3697312.5 | I42: =+I17 -> 0.15579034
A43: Movilización e instalaciones | H43: =+H21 -> 0 | I43: =+I21 -> 0
A44: Gastos generales | H44: =+H27 -> 0 | I44: =+I27 -> 0
A45: Control De Calidad En La Obra | H45: =+H31 -> 0 | I45: =+I31 -> 0
A46: Gastos legales, juridicos y tributarios | H46: =+H39 -> 3370031.6 | I46: =+I39 -> 0.142
A47: TOTAL GASTOS POR ADMINISTRACION | H47: =SUM(H42:H46) -> 7067344.1 | I47: =SUM(I42:I46) -> 0.29779034
A49: COMPOSICION DE PORCENTAJES DE ADMINISTRACION, IMPREVISTOS Y UTILIDADES
A50: DESCRIPCION | H50: TOTALES | I50: PORCENTAJE
A51: Administración | H51: =+H47 -> 7067344.1 | I51: =+I47 -> 0.29779034
A52: Utilidad | H52: =ROUND((I52*D9),0) -> 1186631 | I52: 0.05
A53: TOTAL A.I.U | H53: =SUM(H51:H52) -> 8253975.1 | I53: =SUM(I51:I52) -> 0.34779034
B56: =+'PPTO OFICIAL'!B30 -> STEFANY BOHORQUEZ PEREZ
B57: =+'PPTO OFICIAL'!B31 -> Secretaria de Planeacion
B58: NOMBRE | D58: CARGO | F58: FIRMA
A60: =+'PPTO OFICIAL'!A33 -> PROYECTO: | B60: =+'PPTO OFICIAL'!B33 -> XAYAN PACHECO CORREA | D60: =+'PPTO OFICIAL'!C33 -> Contratista, apoyo obras publicas
A61: =+'PPTO OFICIAL'!A34 -> REVISO: | B61: =+'PPTO OFICIAL'!B34 -> MANUEL ANGEL MUÑOZ PEREZ | D61: =+'PPTO OFICIAL'!C34 -> Porfesional universitario de infraestructura
A62: Los de arriba firmante hemos declarado que revisamos el documento y lo encontramos ajustado a las normas y disposiciones legales vigentes y por lo tanto, bajo nuestra responsabilidad lo presentamos para la firma.

Sheet CRONOGRAMA (2)
A1: PROGRAMACIÓN FINANCIERA Y DE OBRA DEL PROYECTO
A2: =+'PPTO OFICIAL'!A7:F7 -> MANTENER Y MEJORAR ESPACIOS RECREATIVOS DE LA ZONA URBANA DEL MUNICIPIO DE CAUCASIA
A3: ITEM | B3: ACTIVIDAD | C3: Nº SEM. | D3: MES 1 | J3: SUBTOTALES
C4: =COUNT(D4:G4) -> 0 | D4: Semana 1 | F4: Semana 2 | H4: Semana 3
A5: =+'[28]PPTO GENERAL'!B10 -> 1 | B5: =VLOOKUP(A5,PPTO_GENERAL,2,FALSE) -> OBRAS DE MEJORAMIENTO
A6: =+'PPTO OFICIAL'!A10 -> 1.1 | B6: =VLOOKUP(A6,'PPTO OFICIAL'!$A$9:$F$22,2,FALSE) -> Localización y Replanteo | C6: 0.5
B7: Inversión financiera | D7: =VLOOKUP(A6,'PPTO OFICIAL'!$A$9:$F$22,6,FALSE) -> 324032 | J7: =SUM(D7:I7) -> 324032
A8: =+'PPTO OFICIAL'!A11 -> 1.2 | B8: =IFERROR(VLOOKUP(A8,'PPTO OFICIAL'!$A$9:$F$22,2,FALSE),"Inversión financiera") -> Demolición de piso en concreto de cualquier resistencia, manual o mecánicamente y con un espesor de hasta 15cm, incluye cargue retiro y disposición de material sobrante | C8: 1
B9: =IFERROR(VLOOKUP(A9,'PPTO OFICIAL'!$A$9:$F$22,2,FALSE),"Inversión financiera") -> Inversión financiera | D9: =VLOOKUP(A8,'PPTO OFICIAL'!$A$9:$F$22,6,FALSE) -> 2015086 | J9: =SUM(D9:I9) -> 2015086
A10: =+'PPTO OFICIAL'!A13 -> 2.1 | B10: =IFERROR(VLOOKUP(A10,'PPTO OFICIAL'!$A$9:$F$22,2,FALSE),"Inversión financiera") -> Excavación manual profundidad <2,0 m en tierra común | C10: 1
B11: =IFERROR(VLOOKUP(A11,'PPTO OFICIAL'!$A$9:$F$22,2,FALSE),"Inversión financiera") -> Inversión financiera | D11: =VLOOKUP(A10,'PPTO OFICIAL'!$A$9:$F$22,6,FALSE) -> 323024.65 | J11: =SUM(D11:I11) -> 323024.65
A12: =+'PPTO OFICIAL'!A14 -> 2.2 | B12: =IFERROR(VLOOKUP(A12,'PPTO OFICIAL'!$A$9:$F$22,2,FALSE),"Inversión financiera") -> Lleno y compactacion con material tipo sub-base granular | C12: 1
B13: =IFERROR(VLOOKUP(A13,'PPTO OFICIAL'!$A$9:$F$22,2,FALSE),"Inversión financiera") -> Inversión financiera | D13: =VLOOKUP(A12,'PPTO OFICIAL'!$A$9:$F$22,6,FALSE) -> 466775 | J13: =SUM(D13:I13) -> 466775
A14: =+'PPTO OFICIAL'!A16 -> 3.1 | B14: =IFERROR(VLOOKUP(A14,'PPTO OFICIAL'!$A$9:$F$22,2,FALSE),"Inversión financiera") -> Suministro, transporte e instalación de bordillo en concreto prefabricado 15x35 cm | C14: 1
B15: =IFERROR(VLOOKUP(A15,'PPTO OFICIAL'!$A$9:$F$22,2,FALSE),"Inversión financiera") -> Inversión financiera | H15: =VLOOKUP(A14,'PPTO OFICIAL'!$A$9:$F$22,6,FALSE) -> 4017200 | J15: =SUM(D15:I15) -> 4017200
A16: =+'PPTO OFICIAL'!A17 -> 3.2 | B16: =IFERROR(VLOOKUP(A16,'PPTO OFICIAL'!$A$9:$F$22,2,FALSE),"Inversión financiera") -> Colocación de concreto para construcción de Andén e=0.10m con concreto Resistencia 21MPa (D) O Clase D (210 kg/cm2 ó 3000 psi) norma INVIAS 630-13 . Incluye malla electrosoldada. | C16: 2
B17: =IFERROR(VLOOKUP(A17,'PPTO OFICIAL'!$A$9:$F$22,2,FALSE),"Inversión financiera") -> Inversión financiera | F17: =VLOOKUP($A$16,'PPTO OFICIAL'!$A$9:$F$22,6,FALSE)/2 -> 2181036 | H17: =VLOOKUP($A$16,'PPTO OFICIAL'!$A$9:$F$22,6,FALSE)/2 -> 2181036 | J17: =SUM(D17:I17) -> 4362072
A18: =+'PPTO OFICIAL'!A18 -> 3.3 | B18: =IFERROR(VLOOKUP(A18,'PPTO OFICIAL'!$A$9:$F$22,2,FALSE),"Inversión financiera") -> Suministro, transporte e instalación de guia tactil antideslizante 20x20x6 alfa o similar | C18: 2
B19: =IFERROR(VLOOKUP(A19,'PPTO OFICIAL'!$A$9:$F$22,2,FALSE),"Inversión financiera") -> Inversión financiera | F19: =VLOOKUP($A$18,'PPTO OFICIAL'!$A$9:$F$22,6,FALSE)/2 -> 750176 | H19: =VLOOKUP($A$18,'PPTO OFICIAL'!$A$9:$F$22,6,FALSE)/2 -> 750176 | J19: =SUM(D19:I19) -> 1500352
A20: =+'PPTO OFICIAL'!A19 -> 3.4 | B20: =IFERROR(VLOOKUP(A20,'PPTO OFICIAL'!$A$9:$F$22,2,FALSE),"Inversión financiera") -> Corte de dilataciones cada 1,60m, incluye cordon de soporte y sello de silicona autonivelante | C20: 1
B21: =IFERROR(VLOOKUP(A21,'PPTO OFICIAL'!$A$9:$F$22,2,FALSE),"Inversión financiera") -> Inversión financiera | H21: =VLOOKUP($A$20,'PPTO OFICIAL'!$A$9:$F$22,6,FALSE) -> 792288 | J21: =SUM(D21:I21) -> 792288
A22: =+'PPTO OFICIAL'!A20 -> 3.5 | B22: =IFERROR(VLOOKUP(A22,'PPTO OFICIAL'!$A$9:$F$22,2,FALSE),"Inversión financiera") -> Suministro, transporte e instalación de triturado para sendero peatonal | C22: 2
B23: =IFERROR(VLOOKUP(A23,'PPTO OFICIAL'!$A$9:$F$22,2,FALSE),"Inversión financiera") -> Inversión financiera | F23: =VLOOKUP($A$22,'PPTO OFICIAL'!$A$9:$F$22,6,FALSE)/2 -> 724432.5 | H23: =VLOOKUP($A$22,'PPTO OFICIAL'!$A$9:$F$22,6,FALSE)/2 -> 724432.5 | J23: =SUM(D23:I23) -> 1448865
A24: =+'PPTO OFICIAL'!A22 -> 4.1 | B24: =IFERROR(VLOOKUP(A24,'PPTO OFICIAL'!$A$9:$F$22,2,FALSE),"Inversión financiera") -> Suministro, transporte e instalación de banca en concreto prefabricado, según especificacion de diseño, incluye todo lo necesario par su correcta instalación | C24: 0.5
B25: =IFERROR(VLOOKUP(A25,'PPTO OFICIAL'!$A$9:$F$22,2,FALSE),"Inversión financiera") -> Inversión financiera | H25: =VLOOKUP($A$24,'PPTO OFICIAL'!$A$9:$F$22,6,FALSE) -> 8482922 | J25: =SUM(D25:I25) -> 8482922
A27: COSTO DIRECTO FLUJO SEMANAL | D27: =SUM(D5:E25) -> 3128917.6 | F27: =SUM(F5:G25) -> 3655644.5 | H27: =SUM(H5:I25) -> 16948054 | J27: =SUM(D27:I27) -> 23732617
B28: TOTAL A.U | C28: =+AU!I51+AU!I52 -> 0.34779034 | D28: =$C$28*D27 -> 1088207.3 | F28: =$C$28*F27 -> 1271397.8 | H28: =$C$28*H27 -> 5894369.7 | J28: =SUM(D28:I28) -> 8253974.8
A29: TOTAL FLUJO SEMANAL | D29: =SUM(D27:E28) -> 4217125 | F29: =SUM(F27:G28) -> 4927042.3 | H29: =SUM(H27:I28) -> 22842424 | J29: =SUM(D29:I29) -> 31986591
A30: FLUJO SEMANAL ACUMULADO | D30: =+D29 -> 4217125 | F30: =+D30+F29 -> 9144167.3 | H30: =+F30+H29 -> 31986591
A31: % FINANCIERO SEMANAL | D31: =D29/$J$29 -> 0.1318404 | F31: =F29/$J$29 -> 0.15403462 | H31: =H29/$J$29 -> 0.71412498 | J31: =SUM(D31:I31) -> 1
A32: % FINANCIERO ACUMULADO | D32: =D31 -> 0.1318404 | F32: =+D32+F31 -> 0.28587502 | H32: =+F32+H31 -> 1
B36: =+'[28]PPTO GENERAL'!C22 -> STEFANY BOHORQUEZ PÉREZ
B37: =+'[28]PPTO GENERAL'!C23 -> SECRETARIA DE PLANEACIÓN
B38: =+'[28]PPTO GENERAL'!C24 -> Municipio de Caucasia
C39: NOMBRE | F39: CARGO | H39: FIRMA
B40: PROYECTÓ: | C40: XAYAN PACHECO CORREA | F40: Contratista, apoyo obras publicas
B41: REVISÓ: | C41: MANUEL ANGEL MUÑOZ PEREZ | F41: Porfesional universitario de infraestructura
B42: Los de arriba firmante hemos declarado que revisamos el documento y lo encontramos ajustado a las normas y disposiciones legales vigentes y por lo tanto, bajo nuestra responsabilidad lo presentamos para la firma.
C79: ADAN DAVID MEJIA NORIEGA
C80: Representante Legal CIVILNEC S.A.S
C81: Contratista

Sheet CUADRILLAS
A1: DEPARTAMENTO DE ANTIOQUIA
A2: MUNICIPIO DE CAUCASIA
A3: SECRETARIA DE PLANEACION Y OBRAS PUBLICAS
A5: CUADRO DE SALARIOS
A7: OBJETO:
A8: =+'PPTO OFICIAL'!A7:F7 -> MANTENER Y MEJORAR ESPACIOS RECREATIVOS DE LA ZONA URBANA DEL MUNICIPIO DE CAUCASIA
C10: 1160000
A11: DESCRIPCION | B11: CUADRILLAS | C11: COSTO
A12: 1 AYUDANTE | B12: CUADRILLA 1 | C12: =ROUND(B26*1*1.565,0) -> 60513
A13: 2 AYUDANTES | B13: CUADRILLA 2 | C13: =ROUND(B26*2*1.565,0) -> 121027
A14: 1 OFICIAL + 1 AYUDANTE | B14: CUADRILLA 3 | C14: =ROUND( (B22+B26)*1.565,0) -> 187591
A15: 1 OFICIAL + 2 AYUDANTES | B15: CUADRILLA 4 | C15: =ROUND((B22+(B26*2))*1.565,0) -> 248105
A16: 1 OFICIAL + 6 AYUDANTES | B16: CUADRILLA 5 | C16: =ROUND((B22+(B26*6))*1.565,0) -> 490158
A17: 1 SOLDADOR + 1 AYUDANTE | B17: CUADRILLA 6 | C17: =ROUND((B23+(B24*1))*1.565,0) -> 257182
A18: 1 TOPOGRAFO + 1 CADENERO | B18: CUADRILLA 7 | C18: =ROUND((B25+(B24*1))*1.565,0) -> 196668
A21: DESCRIPCION | B21: SALARIO (DIA) | C21: PRESTACIONES | D21: SALARIO (MES)
A22: OFICIAL | B22: =+B26*2.1 -> 81200 | C22: 0.565 | D22: =(B22*30)*1.565 -> 3812340
A23: SOLDADOR | B23: =B26*3.1 -> 119866.67 | C23: 0.565 | D23: =(B23*30)*1.565 -> 5627740
A24: CADENERO | B24: =+B26*1.15 -> 44466.667 | C24: 0.565 | D24: =(B24*30)*1.565 -> 2087710
A25: TOPOGRAFO | B25: 81200 | C25: 0.565 | D25: =(B25*30)*1.565 -> 3812340
A26: AYUDANTE | B26: =+C10/30 -> 38666.667 | C26: 0.565 | D26: =(B26*30)*1.565 -> 1815400
A27: TECNOLOGO | B27: =B26*2.5 -> 96666.667 | C27: 0.565 | D27: =(B27*30)*1.565 -> 4538500 | F27: =+(B27*30) -> 2900000
A28: INGENIERO | B28: =+B26*3.1 -> 119866.67 | C28: 0.565 | D28: =(B28*30)*1.565 -> 5627740 | F28: =+(B28*30) -> 3596000
A29: INGENIERO DIRECTOR | B29: =+B26*5 -> 193333.33 | C29: 0.565 | D29: =(B29*30)*1.565 -> 9077000 | F29: =+B29*30 -> 5800000
A30: OFICIAL ELECTRICO | B30: 100000 | C30: 0.565 | D30: =(B30*30)*1.565 -> 4695000
A31: AYUDANTE O ELECTRICA | B31: 60000 | C31: 0.565 | D31: =(B31*30)*1.565 -> 2817000
A35: =+#REF! -> #REF!
A36: =+#REF! -> #REF!
A37: =+#REF! -> #REF! | B37: NOMBRE | C37: CARGO | D37: FIRMA
A38: PROYECTO: | B38: FABIO LÉON VÁSQUEZ PALACIO | C38: Contratista, coordinación obras publicas
A39: REVISO: | B39: JOSE AGUSTIN HERRERA SARA | C39: Coordinador Técnico Planeación
A40: APROBO: | B40: FERNEY HOYOS OQUENDO | C40: Secretario de planeación
A41: Los de arriba firmante hemos declarado que revisamos el documento y lo encontramos ajustado a las normas y disposiciones legales vigentes y por lo tanto, bajo nuestra responsabilidad lo presentamos para la firma.

Sheet MATERIALES
A2: DEPARTAMENTO DE ANTIOQUIA
A3: MUNICIPIO DE CAUCASIA
A4: SECRETARIA DE PLANEACION Y OBRAS PUBLICAS
A6: OBJETO:
A7: =+'PPTO OFICIAL'!A7 -> MANTENER Y MEJORAR ESPACIOS RECREATIVOS DE LA ZONA URBANA DEL MUNICIPIO DE CAUCASIA
A8: MATERIALES DE CONSTRUCCIÓN
A10: ITEM | B10: DESCRIPCION | C10: UND | D10: CANT. | E10: VR. UNIT.
A11: 1 | B11: Acero de refuerzo de FY = 4.200 Kg/cm 2 (60.000 PSI). | C11: Kg | D11: 1 | E11: 6500
A12: 2 | B12: Ladrillo macizo 20x10x6cm | C12: UN | D12: 1 | E12: 950
A13: 3 | B13: Agua para mezclado | C13: Glo. | D13: 1 | E13: 200
A14: 4 | B14: Antisol blanco (presentación 20 kg) | C14: kG | D14: 1 | E14: 12200
A15: 5 | B15: Arandela Ø5/16" | C15: UND | D15: 1 | E15: 200
A16: 6 | B16: Arena Clasificada | C16: M3 | D16: 1 | E16: =340000/6 -> 56666.667
A17: 7 | B17: Banca en concreto prefabricado, según especificacion de diseño, incluye todo lo necesario par su correcta instalación | C17: UN. | D17: 1 | E17: 900000
A18: 8 | B18: Bordillo de concreto prefabricado 15x35 cm | C18: Ml | D18: 1 | E18: 50000
A19: 9 | B19: Cemento Gris | C19: Bul | D19: 1 | E19: =28000*1.15 -> 32200
A20: 10 | B20: Cordon soporte Sello 3/8" Junta x25m Sellalon | C20: Ml | D20: 1 | E20: 1400
A21: 11 | B21: Disco diamantado de 14" | C21: UN. | D21: 1 | E21: 1100000
A22: 12 | B22: Loseta guia tactil de 0.2 x 0.2 x 0.06 m ALFA | C22: UN | D22: 1 | E22: 3650
A23: 13 | B23: Malla eslabonada Metal 2-1/4 x 2-1/4 2.5mm | C23: M2 | D23: 1 | E23: =104900/6/2.35 -> 7439.7163
A24: 14 | B24: Malla electrosoldada 15X15Cm 4.0Mm (Xx-084) 6X2.35M | C24: M2 | D24: 1 | E24: 9500
A25: 15 | B25: Manto Mineral TREND HS Poliester 3mm X 10Metros | C25: M2 | D25: 1 | E25: 26190
A26: 16 | B26: Material de playa mixto clasificado | C26: M3 | D26: 1 | E26: =(340000*1.1)/6 -> 62333.333
A27: 17 | B27: MATERIAL PETREO | C27: M3 | D27: 1 | E27: 60000
A28: 18 | B28: Sello de silicona o sellador autonivelante (Cuñete) tipo Sikaflex®-401 Pavement SL (Sellante de poliuretano) | C28: Cuñ | D28: 1 | E28: 1583701
A29: 19 | B29: SUB BASE GRANULAR TIPO INVIAS | C29: M3 | D29: 1 | E29: 55000
A30: 20 | B30: Triturado 1/2" | C30: M3 | D30: 1 | E30: 55000
A31: 21 | B31: Triturado 3/4" | C31: M3 | D31: 1 | E31: 55000
A32: 22 | B32: Terminal EMT de 3/4" | C32: und | D32: 1 | E32: 1560 | G32: =+'PPTO OFICIAL'!F26 -> 31986592
A33: 23 | B33: Recebo | C33: M3 | D33: 1 | E33: 35700
A34: 24 | B34: Angulo 2 1/2" x 3/16" | C34: Kg | D34: 1 | E34: 5670
A35: 25 | B35: Soldadura W.A. 6013 x 3/32 SUP | C35: Kg | D35: 1 | E35: 4725
A36: 26 | B36: Triturado | C36: M3 | D36: 1 | E36: 52500
B40: =+'PPTO OFICIAL'!B30 -> STEFANY BOHORQUEZ PEREZ
B41: =+'PPTO OFICIAL'!B31 -> Secretaria de Planeacion
B42: NOMBRE | C42: CARGO | E42: FIRMA
A43: PROYECTO: | B43: =+'PPTO OFICIAL'!B33 -> XAYAN PACHECO CORREA | C43: =+'PPTO OFICIAL'!C33:D33 -> Contratista, apoyo obras publicas
A44: REVISO: | B44: =+'PPTO OFICIAL'!B34 -> MANUEL ANGEL MUÑOZ PEREZ | C44: =+'PPTO OFICIAL'!C34:D34 -> Porfesional universitario de infraestructura
A45: Los de arriba firmante hemos declarado que revisamos el documento y lo encontramos ajustado a las normas y disposiciones legales vigentes y por lo tanto, bajo nuestra responsabilidad lo presentamos para la firma.

Sheet MAQUINARIAS
A1: DEPARTAMENTO DE ANTIOQUIA
A2: MUNICIPIO DE CAUCASIA
A3: SECRETARIA DE PLANEACION Y OBRAS PUBLICAS
A5: =+[94]PRESUPUESTO!A7 -> OBJETO
A6: =+'PPTO OFICIAL'!A7 -> MANTENER Y MEJORAR ESPACIOS RECREATIVOS DE LA ZONA URBANA DEL MUNICIPIO DE CAUCASIA
A8: MAQUINARIAS Y EQUIPOS
A10: ITEM | B10: DESCRIPCION | C10: UND | D10: CANT. | E10: VR. UNIT.
A11: 1 | B11: Maquinaria
A12: 1.1 | B12: Retro excavadora | C12: Hor | D12: 1 | E12: 300000
A13: 1.2 | B13: Buldozer | C13: Hor | D13: 1 | E13: 250000
A14: 1.3 | B14: Motoniveladora | C14: Hor | D14: 1 | E14: =+E13 -> 250000
A15: 1.4 | B15: Volqueta | C15: acarreo | D15: 1 | E15: 200000
A16: 2 | B16: Movimientos
A17: 2.1 | B17: Movimiento de tierra (incluye botada) | C17: M3/km | D17: 1 | E17: 1400
A18: 2.2 | B18: Movimiento de materiales petreos | C18: M3/km | D18: 1 | E18: 1400
A19: 2.3 | B19: Movimiento de tierra (corte) | C19: M3 | D19: 1 | E19: 12500
A20: 3 | B20: EQUIPOS
A21: 3.1 | B21: Andamios + tablon | C21: Und | D21: 1 | E21: 4000
A22: 3.2 | B22: Equipo trabajo alturas | C22: Und | D22: 1 | E22: 30000
A23: 3.3 | B23: Equipo de topografia | C23: Und | D23: 1 | E23: 250000
A24: 3.5 | B24: Vibrador de concreto | C24: Und | D24: 1 | E24: 60000
A25: 3.6 | B25: Compresor | C25: Und | D25: 1 | E25: 70000
A26: 3.7 | B26: Pulidora | C26: Und | D26: 1 | E26: 30000
A27: 3.8 | B27: Equipo de soldadura electrica | C27: Und | D27: 1 | E27: 100000
A28: 3.9 | B28: Formaleta | C28: Und | D28: 1 | E28: 30000
A29: 3.10 | B29: Concretadora | C29: Und | D29: 1 | E29: 80000
A30: 3.11 | B30: Texturizador y llana | C30: Und | D30: 1 | E30: 4000
A31: 3.12 | B31: Maquina cortadora de concreto y asfalto | C31: Und | D31: 1 | E31: 120000
A32: 3.13 | B32: Coche | C32: Und | D32: 1 | E32: 15000
... A35: 3.20 | B35: Compactador tipo rana | C35: Und | D35: 1 | E35: 60000
A36: 3.23 | B36: Laboratorio de suelos | C36: Und | D36: 1 | E36: 300000 | H36: =+'PPTO OFICIAL'!F26 -> 31986592
B41: =+'PPTO OFICIAL'!B30 -> STEFANY BOHORQUEZ PEREZ
B42: =+'PPTO OFICIAL'!B31 -> Secretaria de Planeacion
B43: NOMBRE | C43: CARGO | E43: FIRMA
A44: PROYECTO: | B44: =+'PPTO OFICIAL'!B33 -> XAYAN PACHECO CORREA | C44: =+'PPTO OFICIAL'!C33:D33 -> Contratista, apoyo obras publicas
A45: REVISO: | B45: =+'PPTO OFICIAL'!B34 -> MANUEL ANGEL MUÑOZ PEREZ | C45: =+'PPTO OFICIAL'!C34:D34 -> Porfesional universitario de infraestructura
A46: Los de arriba firmante hemos declarado que revisamos el documento y lo encontramos ajustado a las normas y disposiciones legales vigentes y por lo tanto, bajo nuestra responsabilidad lo presentamos para la firma.
